 Dungeon Crawl Stone Soup version 0.30-a0-142-g7370640ec8 (webtiles) character file.

Game seed: 10742596667780363292

616103 qw the Slayer (level 27, -5/193 HPs)
             Began as a Gargoyle Fighter on Sept 26, 2022.
             Was a High Priest of the Shining One.
             Killed by divine providence
             ... invoked by a royal mummy
              (13 damage)
             ... on level 3 of the Tomb of the Ancients.
             The game lasted 00:33:15 (64624 turns).

qw the Slayer (Gargoyle Fighter)                   Turns: 64624, Time: 00:33:16

Health: -5/193     AC: 87    Str: 40 (42) XL:     27
Magic:  23/38      EV: 14    Int: 13      God:    the Shining One [*****.]
Gold:   1394       SH: 26    Dex:  7 (14) Spells: 26/26 levels left

rFire   + + .      SeeInvis .    D - +7 broad axe "Refryrch" {spect, Contam rElec Str+6 Int+3}
rCold   . . .      Faith    .    w - +1 tower shield {AC+3}
rNeg    + + +      Spirit   .    F - +22 crystal plate armour of Huihih {rC- Str+3 Dex+2 Slay+3}
rPois   inf        Reflect  +    g - +0 hat of Mirchits {Contam rF+ Dex+3}
rElec   +          Harm     .    p - scarf {rC+ rF+}
rCorr   .          Rampage  inf  f - +2 pair of gloves
Will    ++...                    h - +3 pair of seven-league boots {Rampage+∞}
Stlth   ..........               v - amulet of reflection
HPRegen 0.42/turn                B - +4 ring of slaying {mikee}
MPRegen 0.26/turn                r - +4 ring of evasion

@: marked, flying, slowed, glowing, very slow
A: sickness immunity, AC +20, big wings, negative energy resistance 1,
electricity resistance, torment resistance 1, petrification resistance,
iridescent scales 1, deterioration 1, shaggy fur 1, MP-powered wands
}: 3/15 runes: decaying, serpentine, silver
a: Renounce Religion, Divine Shield, Cleansing Flame, Summon Divine Warrior


You were on level 3 of the Tomb of the Ancients.
You worshipped the Shining One.
The Shining One was extremely pleased with you.
You visited 11 branches of the dungeon, and saw 50 of its levels.
You visited the Abyss 1 time.

You collected 7019 gold pieces.
You spent 5625 gold pieces at shops.


Innate Abilities, Weirdness & Mutations

You are immune to sickness and miasma.
Your stone body is resilient. (AC +20)
You are immune to poison.
Your large and strong wings let you fly.
You resist negative energy. (rN+)
You are resistant to electric shocks. (rElec)
You are resistant to unholy torment.
You are immune to petrification.
You are partially covered in iridescent scales. (AC +2)
Your body sometimes deteriorates upon taking damage.
You are covered in fur. (AC +1)
You expend magic power (3 MP) to strengthen your wands.


   Skills:
 - Level 25.0 Fighting
 - Level 18.0 Axes
 - Level 14.0 Throwing
 - Level 23.7 Armour
 - Level 10.3 Dodging
 - Level 22.0 Shields
 + Level 23.6 Invocations


You had 26 spell levels left.
You didn't know any spells.
Your spell library was empty.

Inventory:

Hand Weapons
 D - the +7 broad axe "Refryrch" (weapon) {spect, Contam rElec Str+6 Int+3}
   (You acquired it on level 2 of the Depths)

   When its wielder attacks, the weapon's spirit leaps out and strikes again.
   The spirit shares a part of any damage it takes with its wielder.
   Str:       It affects your strength (+6).
   Int:       It affects your intelligence (+3).
   rElec:     It insulates you from electricity.
   Contam:    It causes magical contamination when unequipped.
Armour
 b - the +4 ice dragon scales "Buecin" {rF- rC++ Will+ rCorr Dex-3 SInv}
   (You bought it in a shop on level 4 of the Dungeon)

   Dex:       It affects your dexterity (-3).
   rF:        It makes you vulnerable to fire.
   rC:        It greatly protects you from cold.
   SInv:      It lets you see invisible.
   rCorr:     It protects you from acid and corrosion.
   Will:      It increases your willpower.
 f - a +2 pair of gloves (worn)
 g - the +0 hat of Mirchits (worn) {Contam rF+ Dex+3}
   (You found it on level 4 of the Lair of Beasts)

   Dex:       It affects your dexterity (+3).
   rF:        It protects you from fire.
   Contam:    It causes magical contamination when unequipped.
 h - the +3 pair of seven-league boots (worn) {Rampage+∞}
   (You found it on level 3 of the Vaults)

   Its wearer moves as far as possible in that direction when moving towards
   enemies.
 i - the +1 pair of boots "Luol" {Harm rPois Dex+7 Stlth-}
   (Okawaru gifted it to you on level 5 of the Vaults)

   Dex:       It affects your dexterity (+7).
   rPois:     It protects you from poison.
   Harm:      It increases damage dealt and taken.
   Stlth:     It makes you less stealthy.
 p - a scarf of resistance (worn)
 w - a +1 tower shield of protection (worn)
 F - the +22 crystal plate armour of Huihih (worn) {rC- Str+3 Dex+2 Slay+3}
   (Okawaru gifted it to you on level 4 of the Swamp)

   Str:       It affects your strength (+3).
   Dex:       It affects your dexterity (+2).
   Slay:      It affects your accuracy & damage with ranged weapons and melee
   (+3).
   rC:        It makes you vulnerable to cold.
 G - a +2 helmet of see invisible
 I - a +1 cloak
Jewellery
 r - a +4 ring of evasion (right hand)
 t - a ring of protection from fire
 v - an amulet of reflection (around neck)
 z - a ring of resist corrosion
 A - a ring of protection from fire
 B - a +4 ring of slaying (left hand) {mikee}
 E - a ring of protection from cold
 H - a ring of resist corrosion
 J - a ring of protection from cold
Scrolls
 a - 43 scrolls of identify
 u - 4 scrolls of enchant weapon
 C - 8 scrolls of enchant armour
Potions
 d - 17 potions of might
 e - 5 potions of magic
 j - 29 potions of curing
 k - 10 potions of attraction
 m - 15 potions of lignification
 n - 8 potions of resistance
 o - a potion of mutation
 q - 9 potions of haste

Dungeon Overview and Level Annotations

Branches:
Dungeon (15/15)            Temple (1/1) D:4            Lair (5/5) D:8
  Swamp (4/4) Lair:3        Snake (4/4) Lair:3        Slime (0/5) Lair:5
    Orc (2/2) D:10            Elf (0/3) Orc:2        Vaults (5/5) D:14
  Crypt (3/3) Vaults:2       Tomb (3/3) Crypt:3      Depths (4/4) D:15
    Zot (4/5) Depths:4

Altars:
Ashenzari
Cheibriados
Dithmenos
Elyvilon
Fedhas
Gozag
Hepliaklqana
Kikubaaqudgha
Makhleb
Nemelex Xobeh
Okawaru
Qazlal
Ru
Sif Muna
Trog
Uskayaw
Vehumet
Wu Jian
Xom
Yredelemnul
Zin
The Shining One
Jiyva

Shops:
D:1 [   D:4 =[   D:5 [   D:11 *   D:12 (   D:13 *   D:14 [   Orc:2 (!*((
Snake:1 [   Snake:2 =(=!   Vaults:2 (   Depths:3 :=:(*   Depths:4 [

Portals:
Hell: Depths:1 Depths:2 Depths:3 Depths:4
Abyss: Depths:1 Depths:3 Depths:4
Pandemonium: Depths:1 Depths:2 Depths:3
Ziggurat: Depths:4
Trove: D:13 (give 5 scrolls of fear)

Annotations:
Swamp:3 3 runed translucent doors, qw's ghost, adept GrFi
Snake:1 1 runed translucent door, Sagen's ghost, adept DrCj
Snake:4 1 runed translucent door, Romunoh's ghost, adept SpBr
Zot:3 4 transporters


Message History

Your angel hits the royal mummy with a +1 whip of holy wrath.
The royal mummy convulses.
Your angel hits the royal mummy with a +1 whip of holy wrath!
The royal mummy convulses!
The royal mummy is destroyed!
The Shining One accepts your kill.
The emperor scorpion disappears in a puff of smoke!
You feel extremely nervous for a moment...
You feel horribly lethargic.
You feel yourself slow down.
The royal mummy casts a spell.
Send 'em back where they came from!
Your +7 broad axe "Refryrch" {spect, Contam rElec Str+6 Int+3} fades away.
The Shining One protects your fellow warrior from evil magic!
Your angel hits the royal mummy with a +1 whip of holy wrath!!
The royal mummy convulses!
Your angel hits the royal mummy with a +1 whip of holy wrath!
The royal mummy is destroyed!
The Shining One accepts your kill.
The emperor scorpion disappears in a puff of smoke! x2
You feel extremely nervous for a moment...
You feel horribly lethargic.
You feel as though you will be slow longer.
You feel your dexterity returning.
You slice the emperor scorpion!!
You kill the emperor scorpion!
The emperor scorpion's corpse disappears in a puff of smoke!
64624 ||| INVOKING Cleansing Flame.
The golden flame engulfs you but does no damage.
The golden flame engulfs your angel.
Your angel completely resists.
Your angel is heavily wounded.
The golden flame engulfs the royal mummy!!!!
The royal mummy writhes in agony!
The royal mummy is heavily damaged.
Your angel barely misses the royal mummy.
Your angel hits the royal mummy with a +1 whip of holy wrath!
The royal mummy convulses!
The royal mummy points at you and mumbles some strange words.
Something smites you!
You die...

##### ######## #####
$$..## #......# ##$$$$##
?...¤# #......###.$$$$$##
$$..¤.##......##...$$$$$##
$$..M.##.%..s.##...$$$$$$#
....s..#4)).M.#.....$$$$$)
$.....s#.?^.MM#¤....$$$$$$
......^s....MMMA....($$$$$
.......#M.....#¤@....$$$$$
....$..#Mb.ssB#.....^$$$$$
.. #...MBB##..¤...=$$$ ...
#....MB##.¤¤.......
....M.B ##.........
##..^..s....##<.......
##...3s..s....##.......
##....sMs.......##.....$
##.............BM.##....#


You could see 2 royal mummies, a mummy priest, a guardian mummy, 2 mummies and a
friendly angel (summoned).

Vanquished Creatures
  A dread lich (Vaults:5)
  3 ancient liches (Vaults:5)
  Mara (Vaults:4)
  Khufu (Tomb:2)
  A juggernaut (Depths:4)
  21 royal mummies
  Vv (Crypt:1)
  Bai Suzhen (Crypt:2)
  Boris (thrice) (Vaults:4 Depths:3 Tomb:2)
  A curse toe (Zot:3)
  Frederick (Crypt:2)
  3 shard shrikes (Depths:2)
  Vashnia (Snake:3)
  3 caustic shrikes (Depths:4)
  A Killer Klown (Zot:4)
  8 golden dragons
  2 electric golems (Zot:1)
  5 bone dragons
  18 tentacled monstrosities
  A shard shrike skeleton (Crypt:2)
  5 quicksilver dragons
  16 titans
  3 liches
  A Hell Sentinel (Tomb:2)
  12 deep elf master archers
  2 tentacled starspawn (Abyss:3)
  6 deep elf blademasters
  12 death cobs
  13 ancient champions
  An eldritch tentacle (Snake:3)
  11 storm dragons
  9 sphinxes
  3 thorn hunters
  Kirke (Lair:3)
  3 draconian monks
  5 tengu reavers
  12 shadow dragons
  5 revenants
  9 nagarajas
  An iron dragon (Depths:4)
  19 fire giants
  A balrug (Depths:1)
  17 vault wardens
  3 deep elf sorcerers
  6 draconian annihilators
  A shard shrike simulacrum (Tomb:3)
  15 frost giants
  6 draconian scorchers
  5 spectral caustic shrikes (Depths:4)
  2 curse skulls (Crypt:2)
  2 ghost moths
  2 juggernaut zombies (Crypt:2)
  3 draconian stormcallers
  4 reapers
  A quicksilver ooze (shapeshifter) (Vaults:5)
  24 ironbound preservers
  An orc warlord (Vaults:1)
  26 very ugly things
  3 draconian shifters
  25 stone giants
  8 ghouls
  7 vampire knights
  2 caustic shrike skeletons
  A war gargoyle (Vaults:5)
  16 bennus
  2 deep elf demonologists
  7 ironbound thunderhulks
  Nessos (D:14)
  6 eleionomae
  16 green draconians
  A wendigo (Depths:2)
  16 black draconians
  4 starcursed masses (Abyss:3)
  2 bunyips (Swamp:1)
  10 purple draconians
  12 red draconians
  Snorg (Lair:3)
  3 deep elf annihilators
  12 white draconians
  7 yellow draconians
  10 dire elephants
  4 eidola
  21 mummy priests
  4 deep elf death magi
  3 blizzard demons (Depths:2)
  12 ettins
  A green death (Tomb:2)
  A merfolk javelineer (Depths:1)
  9 fire dragons
  A crystal guardian (Vaults:4)
  7 jiangshi
  17 yaktaur captains
  6 ice dragons
  An entropy weaver (Vaults:5)
  2 deep elf high priests (Vaults:5)
  A salamander tyrant (Snake:4)
  6 great orbs of eyes
  21 hydras
  3 rakshasas
  31 vault guards
  3 spriggan air magi
  4 peacekeepers
  A spectral shadow dragon (Crypt:2)
  2 ghost crabs (Swamp:4)
  Erica (Lair:2)
  3 death knights
  25 centaur warriors
  A spriggan skeleton (Crypt:1)
  8 alligators
  5 boulder beetles
  11 ironbound frosthearts
  9 anacondas
  4 catoblepae (Lair:5)
  5 ogre magi
  18 two-headed ogres
  A caustic shrike simulacrum (Depths:2)
  9 death yaks
  6 tengu warriors
  55 death scarabs
  Urug (D:14)
  8 deep troll shamans
  11 naga warriors
  A quicksilver ooze zombie (Crypt:2)
  2 vampire magi (Crypt:1)
  4 spriggan berserkers
  7 deep troll earth magi
  6 spriggans
  17 naga sharpshooters
  A hell knight (D:15)
  8 shock serpents
  2 orc high priests
  A spectral dire elephant (Crypt:2)
  A titan skeleton (Crypt:1)
  22 deep elf knights
  3 shadow wraiths
  4 soul eaters
  A wretched star (Abyss:3)
  Amaemon (Lair:2)
  A sun demon (Depths:1)
  A salamander mystic (Snake:4)
  A spark wasp zombie (Crypt:1)
  An anaconda zombie (Crypt:2)
  A spectral bunyip (Crypt:2)
  6 glowing orange brains
  7 goliath frogs
  8 iron trolls
  A quicksilver dragon simulacrum (Crypt:2)
  A sixfirhy (Depths:2)
  31 skeletal warriors
  3 flayed ghosts
  68 deep trolls
  6 naga ritualists
  A sea snake (shapeshifter) (Vaults:5)
  11 deep elf archers
  2 spectral hydras (Swamp:4)
  8 bog bodies
  10 swamp dragons
  6 lindwurms
  7 necromancers
  2 bunyip skeletons
  2 orange crystal statues (Depths:2)
  19 wizards
  7 harpies
  14 orc knights
  19 phantasmal warriors
  20 deep elf pyromancers
  14 deep elf zephyrmancers
  13 ironbound convokers
  13 mana vipers
  7 orc sorcerers
  A spectral ettin (Crypt:2)
  An anaconda skeleton (Crypt:2)
  5 will-o-the-wisps
  An eleionoma zombie (Crypt:3)
  55 ugly things
  An oklob plant (Swamp:4)
  6 manticores
  2 spectral centaurs (Crypt:2)
  A worldbinder (Abyss:3)
  A salamander (shapeshifter) (Vaults:5)
  6 cyclopes
  2 stone giant skeletons (Vaults:2)
  An elephant (shapeshifter) (D:14)
  6 salamanders
  22 moths of wrath
  An iron dragon skeleton (Crypt:3)
  3 stone giant zombies (Crypt:1)
  21 naga magi
  14 elephants
  3 smoke demons
  2 centaur zombies
  A black mamba (shapeshifter) (D:14)
  8 guardian serpents
  32 black mambas
  18 vault sentinels
  A storm dragon simulacrum (Crypt:1)
  7 cane toads
  2 orange demons
  4 torpor snails
  A gargoyle (D:12)
  6 rime drakes
  An elf zombie (Vaults:2)
  A green draconian zombie (Crypt:1)
  A hellion (Depths:2)
  An unseen horror (shapeshifter) (D:13)
  A tormentor (Tomb:2)
  A catoblepas zombie (Crypt:3)
  A redback zombie (Crypt:2)
  A dire elephant skeleton (Crypt:2)
  2 swamp worm zombies (Swamp:4)
  An alligator snapping turtle skeleton (Crypt:3)
  13 komodo dragons
  20 yaktaurs
  2 efreet
  A spark wasp simulacrum (Depths:2)
  A human skeleton (Vaults:2)
  A spectral naga (Crypt:2)
  5 freezing wraiths
  5 tengu conjurers
  A golden dragon simulacrum (Depths:2)
  63 guardian mummies
  3 red devils (Depths:2)
  4 ancient zymes (Abyss:3)
  3 hydra zombies (Swamp:4)
  A bloated husk (Swamp:4)
  9 tyrant leeches
  13 trolls
  6 hornets
  A jumping spider zombie (Crypt:2)
  Grinder (D:5)
  20 blink frogs
  A guardian serpent zombie (Crypt:1)
  7 alligator zombies
  2 spectral swamp dragons (Swamp:4)
  19 raiju (Abyss:3)
  52 slime creatures
  A dream sheep (Lair:4)
  4 harpy skeletons
  A stone giant simulacrum (Crypt:2)
  A guardian serpent skeleton (Crypt:1)
  29 flying skulls
  A dire elephant simulacrum (Crypt:2)
  An ettin skeleton (Tomb:1)
  12 wraiths
  2 ynoxinuls
  Sigmund (D:4)
  4 shadows
  51 yaks
  13 water elementals
  11 ushabtiu
  2 hogs (Lair:3)
  17 humans
  6 basilisks
  8 wyverns
  25 vampire mosquitoes
  8 steam dragons
  3 chaos spawn
  6 wargs
  Menkaure (D:6)
  A harpy simulacrum (Crypt:1)
  A yaktaur simulacrum (Vaults:2)
  2 large abominations (Abyss:3)
  17 swamp worms
  32 nagas
  A two-headed ogre zombie (D:10)
  A glowing shapeshifter zombie (Depths:2)
  Duvessa (D:4)
  An acid dragon (shapeshifter) (Vaults:5)
  18 water moccasins
  A hornet zombie (Crypt:1)
  3 ice beasts
  A floating eye (shapeshifter) (Vaults:5)
  9 swamp drakes
  An ettin simulacrum (Depths:2)
  4 floating eyes
  24 orc warriors
  A sky beast (D:7)
  4 swamp dragon zombies (Swamp:4)
  2 black bears
  25 ogres
  3 boggarts (Vaults:4)
  A small abomination (Abyss:3)
  11 wolves
  11 centaurs
  A manticore skeleton (Crypt:2)
  9 phantoms
  4 kobold brigands
  A swamp dragon skeleton (Crypt:2)
  16 bullfrogs
  A glowing shapeshifter simulacrum (Depths:2)
  4 necrophages
  3 gnoll sergeants (D:7)
  4 scorpions
  4 wights (D:8)
  4 troll zombies
  Dowan (D:4)
  8 killer bees
  3 spriggan zombies
  9 howler monkeys
  A raiju skeleton (Crypt:3)
  A yak skeleton (Crypt:3)
  A basilisk zombie (Crypt:3)
  2 quasits (Abyss:3)
  12 orc priests
  12 hounds
  2 jellies
  4 gnoll boudas (D:7)
  Natasha (thrice) (D:2)
  5 iguanas
  20 orc wizards
  3 spectral swamp drakes (Swamp:4)
  3 naga zombies
  5 ogre zombies
  44 mummies
  Robin (D:2)
  A howler monkey skeleton (Crypt:1)
  3 adders
  5 gnolls
  A swamp drake zombie (Swamp:4)
  2 swamp drake skeletons (Crypt:2)
  A white imp (D:5)
  An ufetubus (D:4)
  An adder zombie (Crypt:2)
  A worm (D:4)
  6 dart slugs
  82 orcs
  14 bats
  10 endoplasms
  2 giant cockroaches
  16 goblins
  14 hobgoblins
  15 jackals
  4 quokkas
  6 ball pythons
  4 frilled lizards (D:1)
  2 goblin skeletons (D:10)
  5 goblin zombies (D:10)
  A hobgoblin skeleton (D:10)
  25 kobolds
  3 orc skeletons (D:10)
  14 orc zombies (D:10)
  7 rats
  4 briar patches (Snake:2)
  A starspawn tentacle (Abyss:3)
2577 creatures vanquished.

Vanquished Creatures (collateral kills)
  7 royal mummies
  A lich (Tomb:3)
  2 titans
  A deep elf master archer (Crypt:3)
  2 revenants (Tomb:3)
  A fire giant (Tomb:2)
  A stone giant (Tomb:2)
  A bennu (Tomb:1)
  A black draconian (Tomb:2)
  3 mummy priests (Tomb:2)
  A quicksilver dragon skeleton (Crypt:3)
  A spriggan skeleton (Tomb:3)
  A death scarab (Tomb:2)
  2 deep elf knights (Tomb:1)
  2 skeletal warriors
  A deep elf archer (Tomb:1)
  A deep elf zephyrmancer (Tomb:1)
  A stone giant skeleton (Tomb:2)
  An iron dragon skeleton (Crypt:3)
  6 guardian mummies
  2 flying skulls
  3 mummies
42 creatures vanquished.

Vanquished Creatures (others)
  A ghost moth (Zot:4)
  A bennu (Tomb:3)
  An ogre mage (Vaults:5)
  A deep elf zephyrmancer (Tomb:2)
  A bloated husk (Swamp:3)
  An alligator zombie (Swamp:4)
  A phantom (Swamp:4)
  A howler monkey (D:5)
  An orc wizard (D:7)
  An adder (D:5)
  A briar patch (Snake:2)
  26 foxfires
  12 fungi
  A lurking horror (Abyss:3)
  38 plants
  3 starspawn tentacles (Abyss:3)
91 creatures vanquished.

Grand Total: 2710 creatures vanquished

Notes
Turn   | Place    | Note
-------+----------+-------------------------------------------
     0 | D:1      | qw the Gargoyle Fighter began the quest for the Orb.
     0 | D:1      | Reached XP level 1. HP: 14/14 MP: 1/1
     0 | D:1      | 0 ||| qw: Version: 0.2-a-10-g399e6c4
     0 | D:1      | 0 ||| qw: Game counter: 487
     0 | D:1      | 0 ||| qw: Always use a shield: true
     0 | D:1      | 0 ||| qw: God list: Okawaru
     0 | D:1      | 0 ||| qw: Allow faded altars: false
     0 | D:1      | 0 ||| qw: Do Orc after D:15 true
     0 | D:1      | 0 ||| qw: Do second Lair branch before Depths: true
     0 | D:1      | 0 ||| qw: Lair rune preference: random
     0 | D:1      | 0 ||| qw: Plans: Normal, Zot:1-4, God:TSO, Crypt, Tomb,
                  | Pan, Slime:5, Hells, Abyss, Orb
     0 | D:1      | 0 ||| PLANNING D:1-11
    23 | D:1      | 23 ||| Stepping ~*~*~tactically~*~*~ (stealth).
    57 | D:1      | 57 ||| Stepping ~*~*~tactically~*~*~ (stealth).
    61 | D:1      | Reached XP level 2. HP: 17/19 MP: 2/2
   418 | D:1      | 418 ||| Stepping ~*~*~tactically~*~*~ (hiding).
   427 | D:1      | Reached skill level 3 in Axes
   549 | D:1      | Reached XP level 3. HP: 23/23 MP: 3/3
   744 | D:1      | Found Duntoeruo's Armour Boutique.
   755 | D:1      | 755 ||| SHOPLISTING +3 ring mail of poison resistance (253
                  | gold, have 30).
  1194 | D:1      | Found a faded altar of an unknown god.
  1415 | D:1      | 1415 ||| UPGRADING to +1 pair of gloves.
  1420 | D:1      | 1420 ||| UPGRADING to ring of protection from fire.
  1421 | D:1      | 1421 ||| READING scroll labelled RIUFY QU NAX.
  1425 | D:1      | 1425 ||| DRINKING 2 bubbling coppery potions.
  1449 | D:2      | 1449 ||| Stepping ~*~*~tactically~*~*~ (stealth).
  1451 | D:2      | 1451 ||| Stepping ~*~*~tactically~*~*~ (stealth).
  1462 | D:2      | Noticed Robin
  1463 | D:2      | 1463 ||| Stepping ~*~*~tactically~*~*~ (stealth).
  1467 | D:2      | 1467 ||| Stepping ~*~*~tactically~*~*~ (stealth).
  1478 | D:2      | Killed Robin
  1479 | D:2      | Reached XP level 4. HP: 26/28 MP: 4/4
  1503 | D:2      | 1503 ||| DROPPING +0 club.
  1509 | D:2      | Noticed Natasha
  1511 | D:2      | 1511 ||| Stepping ~*~*~tactically~*~*~ (hiding).
  1518 | D:2      | Killed Natasha
  1647 | D:2      | 1647 ||| Stepping ~*~*~tactically~*~*~ (stealth).
  1820 | D:2      | Identified the +5 hand axe "Mesazi" {drain, Str+3 Dex+5}
  1822 | D:2      | 1822 ||| DROPPING +5 hand axe "Mesazi" {drain, Str+3
                  | Dex+5}.
  1910 | D:2      | Noticed Natasha
  1911 | D:2      | 1911 ||| Stepping ~*~*~tactically~*~*~ (hiding).
  1912 | D:2      | 1912 ||| Stepping ~*~*~tactically~*~*~ (hiding).
  1919 | D:2      | Killed Natasha
  1920 | D:2      | Reached XP level 5. HP: 22/32 MP: 5/5
  2404 | D:2      | Noticed Natasha
  2414 | D:2      | Killed Natasha
  2589 | D:2      | 2589 ||| UPGRADING to +0 helmet.
  2594 | D:2      | 2594 ||| READING scroll labelled TIJUAH FAPUPT.
  2595 | D:2      | 2595 ||| READING scroll labelled YLUD OPLOPHYMA.
  2795 | D:3      | 2795 ||| Stepping ~*~*~tactically~*~*~ (stealth).
  2797 | D:3      | 2797 ||| Stepping ~*~*~tactically~*~*~ (stealth).
  2818 | D:3      | 2818 ||| Stepping ~*~*~tactically~*~*~ (hiding).
  2885 | D:3      | 2885 ||| Stepping ~*~*~tactically~*~*~ (stealth).
  2946 | D:3      | 2946 ||| Stepping ~*~*~tactically~*~*~ (stealth).
  3360 | D:3      | 3360 ||| Stepping ~*~*~tactically~*~*~ (stealth).
  3366 | D:3      | 3366 ||| Stepping ~*~*~tactically~*~*~ (stealth).
  3368 | D:3      | 3368 ||| Stepping ~*~*~tactically~*~*~ (stealth).
  3446 | D:3      | Found a white marble altar of Elyvilon.
  3579 | D:3      | 3579 ||| UPGRADING to scarf of resistance.
  3584 | D:3      | 3584 ||| READING 2 scrolls labelled FOSHRO LOOWIDWU.
  3584 | D:3      | Identified 2 scrolls of acquirement
  3584 | D:3      | 3584 ||| ACQUIRING amulet of Suasar {RegenMP Int+5 Dex+6}
  3584 | D:3      | Acquired the amulet of Suasar {RegenMP Int+5 Dex+6}
  3586 | D:3      | 3586 ||| UPGRADING to amulet of Suasar {RegenMP Int+5
                  | Dex+6}.
  3591 | D:3      | 3591 ||| READING scroll of acquirement.
  3591 | D:3      | 3591 ||| ACQUIRING +5 broad axe of flaming
  3591 | D:3      | Acquired a +5 broad axe of flaming
  3593 | D:3      | 3593 ||| SWAPPING to +5 broad axe of flaming.
  3594 | D:3      | 3594 ||| DROPPING +0 whip.
  3595 | D:3      | 3595 ||| DROPPING +0 war axe.
  3596 | D:3      | 3596 ||| READING 3 scrolls labelled HELACS EDUBBI.
  3597 | D:3      | 3597 ||| READING scroll labelled NAORRAUTRA.
  3651 | D:3      | 3651 ||| DRINKING 2 metallic dark potions.
  3652 | D:3      | 3652 ||| DRINKING 2 smoky white potions.
  3653 | D:3      | 3653 ||| DRINKING 2 lumpy purple potions.
  3694 | D:3      | 3694 ||| READING 2 scrolls of identify.
  3694 | D:3      | 3694 ||| IDENTIFYING murky pink potion
  3695 | D:3      | 3695 ||| DROPPING potion of magic.
  3696 | D:3      | 3696 ||| DROPPING potion of invisibility.
  3738 | D:4      | 3738 ||| Stepping ~*~*~tactically~*~*~ (stealth).
  3752 | D:4      | 3752 ||| Stepping ~*~*~tactically~*~*~ (stealth).
  3763 | D:4      | Reached skill level 1 in Dodging
  3893 | D:4      | Reached skill level 4 in Fighting
  3893 | D:4      | Reached XP level 6. HP: 38/38 MP: 6/6
  4145 | D:4      | Noticed Dowan
  4146 | D:4      | 4146 ||| Stepping ~*~*~tactically~*~*~ (hiding).
  4154 | D:4      | Killed Dowan
  4160 | D:4      | 4160 ||| Stepping ~*~*~tactically~*~*~ (stealth).
  4162 | D:4      | 4162 ||| Stepping ~*~*~tactically~*~*~ (stealth).
  4175 | D:4      | Noticed Duvessa
  4176 | D:4      | 4176 ||| FLEEEEING.
  4354 | D:4      | Noticed Sigmund
  4357 | D:4      | Killed Sigmund
  4358 | D:4      | Reached skill level 6 in Axes
  4358 | D:4      | Reached XP level 7. HP: 43/43 MP: 7/7
  4369 | D:4      | Found a bloodstained altar of Trog.
  4420 | D:4      | Found Xazugy's Jewellery Boutique.
  4445 | D:4      | 4445 ||| Stepping ~*~*~tactically~*~*~ (hiding).
  4601 | D:4      | Found a staircase to the Ecumenical Temple.
  4602 | D:4      | 4602 ||| PLANNING TEMPLE
  4602 | D:4      | 4602 ||| DROPPING amulet of magic regeneration.
  4603 | D:4      | 4603 ||| DROPPING ring of magical power.
  4604 | D:4      | 4604 ||| READING scroll labelled AMIYTZEROS.
  4605 | D:4      | 4605 ||| READING 3 scrolls labelled VUTHOR IVEPH.
  4606 | D:4      | 4606 ||| READING scroll labelled MIT DOKUOD.
  4607 | D:4      | 4607 ||| DRINKING 2 lumpy white potions.
  4608 | D:4      | 4608 ||| READING 3 scrolls of identify.
  4608 | D:4      | 4608 ||| IDENTIFYING bubbling pink potion
  4609 | D:4      | 4609 ||| READING 2 scrolls of identify.
  4609 | D:4      | 4609 ||| IDENTIFYING murky black potion
  4610 | D:4      | 4610 ||| DROPPING 2 scrolls of noise.
  4611 | D:4      | 4611 ||| DROPPING potion of flight.
  4617 | Temple   | Entered the Ecumenical Temple
  4628 | Temple   | 4628 ||| PLANNING OKAWARU WORSHIP
  4786 | Temple   | Became a worshipper of Warmaster Okawaru
  4787 | Temple   | 4787 ||| PLANNING D:1-11
  5015 | D:4      | Found Baal's Dragon-Slaying Spoils.
  5022 | D:4      | 5022 ||| SHOPLISTING +0 acid dragon scales (400 gold, have
                  | 227).
  5022 | D:4      | 5022 ||| SHOPLISTING +0 fire dragon scales (600 gold, have
                  | 227).
  5022 | D:4      | 5022 ||| SHOPLISTING +0 gold dragon scales (800 gold, have
                  | 227).
  5022 | D:4      | 5022 ||| SHOPLISTING +0 storm dragon scales (800 gold, have
                  | 227).
  5022 | D:4      | 5022 ||| SHOPLISTING +1 pearl dragon scales of Sin {rN+
                  | Will+ Str+7 Int-2} (1189 gold, have 227).
  5022 | D:4      | 5022 ||| SHOPLISTING +2 shadow dragon scales (920 gold,
                  | have 227).
  5022 | D:4      | 5022 ||| SHOPLISTING +2 swamp dragon scales (620 gold, have
                  | 227).
  5022 | D:4      | 5022 ||| SHOPLISTING +4 ice dragon scales "Buecin" {rF-
                  | rC++ Will+ rCorr Dex-3 SInv} (961 gold, have 227).
  5022 | D:4      | 5022 ||| SHOPLISTING quicksilver dragon scales (600 gold,
                  | have 227).
  5088 | D:4      | HP: 3/43 [Duvessa/+0 short sword (9)]
  5089 | D:4      | 5089 ||| READING scroll of teleportation.
  5090 | D:4      | Killed Duvessa
  5512 | D:5      | Entered Level 5 of the Dungeon
  5588 | D:5      | Found Qush's Antique Armour Shop.
  5600 | D:5      | 5600 ||| BUYING chain mail (117 gold).
  5600 | D:5      | Bought a chain mail for 117 gold pieces
  5600 | D:5      | 5600 ||| BUYING cloak (117 gold).
  5600 | D:5      | Bought a cloak for 117 gold pieces
  5600 | D:5      | 5600 ||| SHOPLISTING crystal plate armour (2080 gold, have
                  | 6).
  5600 | D:5      | 5600 ||| SHOPLISTING plate armour (598 gold, have 6).
  5600 | D:5      | 5600 ||| SHOPLISTING shiny scale mail (182 gold, have 6).
  5632 | D:5      | Found a snail-covered altar of Cheibriados.
  5681 | D:5      | Reached skill level 5 in Fighting
  5706 | D:5      | Noticed Grinder
  5710 | D:5      | Paralysed by Grinder for 5 turns
  5719 | D:5      | Paralysed by Grinder for 4 turns
  5723 | D:5      | 5723 ||| Stepping ~*~*~tactically~*~*~ (hiding).
  5725 | D:5      | Paralysed by Grinder for 2 turns
  5738 | D:5      | Killed Grinder
  5738 | D:5      | Reached * piety under Okawaru
  5739 | D:5      | Reached XP level 8. HP: 26/49 MP: 8/8
  5934 | D:5      | 5934 ||| INVOKING Heroism.
  5941 | D:5      | Reached skill level 1 in Invocations
  6055 | D:5      | Found a shimmering altar of Xom.
  6057 | D:5      | 6057 ||| INVOKING Heroism.
  6070 | D:5      | Reached skill level 3 in Invocations
  6129 | D:5      | Reached ** piety under Okawaru
  6390 | D:5      | 6390 ||| UPGRADING to +0 chain mail.
  6400 | D:5      | 6400 ||| DROPPING +0 scale mail.
  6401 | D:5      | 6401 ||| UPGRADING to +6 ring of dexterity.
  6436 | D:5      | 6436 ||| STAIRDANCE
  6440 | D:5      | 6440 ||| STAIRDANCE
  6444 | D:5      | 6444 ||| STAIRDANCE
  6448 | D:5      | 6448 ||| STAIRDANCE
  6452 | D:5      | 6452 ||| STAIRDANCE
  6456 | D:5      | 6456 ||| STAIRDANCE
  6460 | D:5      | 6460 ||| STAIRDANCE
  6464 | D:5      | 6464 ||| STAIRDANCE
  6468 | D:5      | 6468 ||| STAIRDANCE
  6472 | D:5      | 6472 ||| STAIRDANCE
  6476 | D:5      | 6476 ||| STAIRDANCE
  6480 | D:5      | 6480 ||| STAIRDANCE
  6484 | D:5      | 6484 ||| STAIRDANCE
  6488 | D:5      | 6488 ||| STAIRDANCE
  6492 | D:5      | 6492 ||| STAIRDANCE
  6496 | D:5      | 6496 ||| STAIRDANCE
  6500 | D:5      | 6500 ||| STAIRDANCE
  6504 | D:5      | 6504 ||| STAIRDANCE
  6508 | D:5      | 6508 ||| STAIRDANCE
  6512 | D:5      | 6512 ||| STAIRDANCE
  6544 | D:4      | 6544 ||| SHOPLISTING +4 ring of protection (396 gold, have
                  | 92).
  6544 | D:4      | 6544 ||| SHOPLISTING ring "Jireenum" {Fly rElec Dex+3} (415
                  | gold, have 92).
  6544 | D:4      | 6544 ||| SHOPLISTING ring "Zuakof" {Ice rPois} (398 gold,
                  | have 92).
  6544 | D:4      | 6544 ||| SHOPLISTING ring of Pantheism {Drain Str+4 Int+6
                  | Dex+4 SInv} (642 gold, have 92).
  6544 | D:4      | 6544 ||| SHOPLISTING ring of fire (275 gold, have 92).
  6544 | D:4      | 6544 ||| SHOPLISTING ring of protection from cold (275
                  | gold, have 92).
  6544 | D:4      | 6544 ||| SHOPLISTING ring of protection from fire (275
                  | gold, have 92).
  6544 | D:4      | 6544 ||| SHOPLISTING ring of see invisible (165 gold, have
                  | 92).
  6683 | D:6      | Reached XP level 9. HP: 52/54 MP: 12/12
  6815 | D:6      | Noticed Menkaure
  6816 | D:6      | 6816 ||| Stepping ~*~*~tactically~*~*~ (hiding).
  6819 | D:6      | 6819 ||| INVOKING Heroism.
  6823 | D:6      | Killed Menkaure
  6824 | D:6      | Reached skill level 6 in Fighting
  7081 | D:6      | Found a sparkling altar of Nemelex Xobeh.
  7325 | D:6      | 7325 ||| READING scroll labelled QYEDAM LIDEARI.
  7326 | D:6      | 7326 ||| READING scroll labelled ITWESOTYSCH.
  7378 | D:7      | Noticed a +0 spear
  7378 | D:7      | Noticed a +0 dagger
  7378 | D:7      | Noticed a +0 spear
  7378 | D:7      | Noticed a +0 dagger
  7378 | D:7      | Noticed a +0 short sword
  7379 | D:7      | Noticed a +0 falchion
  7379 | D:7      | Noticed a +0 falchion
  7379 | D:7      | Noticed a +0 short sword
  7406 | D:7      | Found a hide-covered altar of Uskayaw.
  7547 | D:7      | 7547 ||| INVOKING Heroism.
  7554 | D:7      | Reached skill level 9 in Axes
  7562 | D:7      | Identified the +0 plate armour of Wasted Space {Will++}
  7594 | D:7      | 7594 ||| INVOKING Heroism.
  7599 | D:7      | Reached *** piety under Okawaru
  7616 | D:7      | 7616 ||| Stepping ~*~*~tactically~*~*~ (stealth).
  7838 | D:7      | 7838 ||| INVOKING Heroism.
  7840 | D:7      | Reached skill level 7 in Fighting
  7845 | D:7      | Reached skill level 3 in Dodging
  7850 | D:7      | 7850 ||| Stepping ~*~*~tactically~*~*~ (stealth).
  7853 | D:7      | 7853 ||| Stepping ~*~*~tactically~*~*~ (hiding).
  7870 | D:7      | 7870 ||| INVOKING Heroism.
  7885 | D:7      | Reached XP level 10. HP: 55/63 MP: 13/13
  7894 | D:7      | 7894 ||| FLEEEEING.
  7895 | D:7      | 7895 ||| FLEEEEING.
  7896 | D:7      | 7896 ||| FLEEEEING.
  7897 | D:7      | 7897 ||| FLEEEEING.
  7898 | D:7      | 7898 ||| FLEEEEING.
  7899 | D:7      | 7899 ||| FLEEEEING.
  7900 | D:7      | 7900 ||| FLEEEEING.
  7901 | D:7      | 7901 ||| FLEEEEING.
  7902 | D:7      | 7902 ||| FLEEEEING.
  7903 | D:7      | 7903 ||| FLEEEEING.
  7906 | D:7      | 7906 ||| FLEEEEING.
  7907 | D:7      | 7907 ||| FLEEEEING.
  7908 | D:7      | 7908 ||| FLEEEEING.
  7909 | D:7      | 7909 ||| FLEEEEING.
  7910 | D:7      | 7910 ||| FLEEEEING.
  7911 | D:7      | 7911 ||| FLEEEEING.
  7912 | D:7      | 7912 ||| FLEEEEING.
  7913 | D:7      | 7913 ||| FLEEEEING.
  7914 | D:7      | 7914 ||| FLEEEEING.
  7915 | D:7      | 7915 ||| FLEEEEING.
  7916 | D:7      | 7916 ||| FLEEEEING.
  7917 | D:7      | 7917 ||| FLEEEEING.
  7928 | D:7      | 7928 ||| INVOKING Heroism.
  8101 | D:7      | 8101 ||| INVOKING Heroism.
  8177 | D:7      | 8177 ||| Stepping ~*~*~tactically~*~*~ (stealth).
  8179 | D:7      | 8179 ||| Stepping ~*~*~tactically~*~*~ (hiding).
  8181 | D:7      | 8181 ||| Stepping ~*~*~tactically~*~*~ (hiding).
  8183 | D:7      | 8183 ||| Stepping ~*~*~tactically~*~*~ (hiding).
  8185 | D:7      | 8185 ||| Stepping ~*~*~tactically~*~*~ (hiding).
  8188 | D:7      | 8188 ||| INVOKING Heroism.
  8244 | D:7      | 8244 ||| Stepping ~*~*~tactically~*~*~ (hiding).
  8246 | D:7      | 8246 ||| INVOKING Heroism.
  8376 | D:7      | 8376 ||| INVOKING Heroism.
  8533 | D:7      | 8533 ||| UPGRADING to +0 plate armour of Wasted Space
                  | {Will++}.
  8543 | D:7      | 8543 ||| DROPPING +0 chain mail.
  8544 | D:7      | 8544 ||| UPGRADING to ring of willpower.
  8546 | D:7      | 8546 ||| UPGRADING to +4 ring of slaying {mikee}.
  8548 | D:7      | 8548 ||| DROPPING ring of willpower.
  8549 | D:7      | 8549 ||| READING scroll labelled KUSINUMEXO.
  8550 | D:7      | 8550 ||| READING scroll labelled GUCZEKHL FENN.
  8551 | D:7      | 8551 ||| READING scroll labelled UQOPOACOLO.
  8570 | D:8      | 8570 ||| STAIRDANCE
  8644 | D:8      | 8644 ||| INVOKING Heroism.
  8661 | D:8      | Reached skill level 6 in Armour
  8694 | D:8      | 8694 ||| Stepping ~*~*~tactically~*~*~ (stealth).
  8696 | D:8      | 8696 ||| Stepping ~*~*~tactically~*~*~ (stealth).
  8809 | D:8      | 8809 ||| INVOKING Heroism.
  8815 | D:8      | Reached skill level 8 in Fighting
  8827 | D:8      | Found a shimmering blue altar of Sif Muna.
  8828 | D:8      | Found a sacrificial altar of Ru.
  8871 | D:8      | Found a hazy altar of Hepliaklqana.
  8931 | D:8      | Reached **** piety under Okawaru
  8952 | D:8      | 8952 ||| INVOKING Heroism.
  9009 | D:8      | 9009 ||| FLEEEEING.
  9010 | D:8      | 9010 ||| FLEEEEING.
  9011 | D:8      | 9011 ||| FLEEEEING.
  9012 | D:8      | 9012 ||| FLEEEEING.
  9013 | D:8      | 9013 ||| FLEEEEING.
  9014 | D:8      | 9014 ||| FLEEEEING.
  9015 | D:8      | 9015 ||| FLEEEEING.
  9016 | D:8      | 9016 ||| FLEEEEING.
  9017 | D:8      | 9017 ||| FLEEEEING.
  9024 | D:8      | 9024 ||| FLEEEEING.
  9025 | D:8      | 9025 ||| FLEEEEING.
  9026 | D:8      | 9026 ||| FLEEEEING.
  9027 | D:8      | 9027 ||| FLEEEEING.
  9028 | D:8      | 9028 ||| FLEEEEING.
  9029 | D:8      | 9029 ||| FLEEEEING.
  9041 | D:8      | 9041 ||| FLEEEEING.
  9362 | D:8      | 9362 ||| Stepping ~*~*~tactically~*~*~ (stealth).
  9363 | D:8      | 9363 ||| Stepping ~*~*~tactically~*~*~ (stealth).
  9364 | D:8      | 9364 ||| Stepping ~*~*~tactically~*~*~ (stealth).
  9574 | D:8      | Found a staircase to the Lair.
  9693 | D:8      | 9693 ||| PLANNING LAIR
  9693 | D:8      | 9693 ||| DROPPING orb of mayhem.
  9694 | D:8      | 9694 ||| UPGRADING to +0 pair of boots.
  9699 | D:8      | 9699 ||| READING 2 scrolls of identify.
  9699 | D:8      | 9699 ||| IDENTIFYING black potion
  9700 | D:8      | 9700 ||| DROPPING potion of brilliance.
  9771 | Lair:1   | Entered Level 1 of the Lair of Beasts
  9790 | Lair:1   | Noticed a black mamba
  9791 | Lair:1   | 9791 ||| INVOKING Heroism.
  9795 | Lair:1   | Killed a black mamba
  9904 | Lair:1   | Reached ***** piety under Okawaru
  9905 | Lair:1   | Reached skill level 6 in Invocations
  9908 | Lair:1   | Identified the +0 leather armour of Gen Salo {Int+3 Stlth+}
  9917 | Lair:1   | 9917 ||| READING scroll of enchant weapon.
  9917 | Lair:1   | 9917 ||| ENCHANTING +6 broad axe of flaming.
  9958 | Lair:1   | 9958 ||| Stepping ~*~*~tactically~*~*~ (stealth).
  9965 | Lair:1   | 9965 ||| INVOKING Heroism.
  9968 | Lair:1   | Reached XP level 11. HP: 65/68 MP: 13/15
  9988 | Lair:1   | Found a frozen archway.
 10002 | Lair:1   | 10002 ||| INVOKING Heroism.
 10012 | Lair:1   | Received a gift from Okawaru
 10056 | Lair:1   | 10056 ||| INVOKING Heroism.
 10259 | Lair:1   | 10259 ||| INVOKING Heroism.
 10280 | Lair:1   | Received a gift from Okawaru
 10280 | Lair:1   | Found the +8 arc blade {discharge, rElec}
 10333 | Lair:1   | 10333 ||| INVOKING Heroism.
 10420 | Lair:1   | Reached skill level 3 in Throwing
 10623 | Lair:1   | 10623 ||| DROPPING amulet of guardian spirit.
 10654 | Lair:2   | 10654 ||| Stepping ~*~*~tactically~*~*~ (stealth).
 10678 | Lair:2   | Reached skill level 9 in Invocations
 10697 | Lair:2   | 10697 ||| INVOKING Heroism.
 10756 | Lair:2   | Noticed Erica
 10757 | Lair:2   | 10757 ||| Stepping ~*~*~tactically~*~*~ (hiding).
 10758 | Lair:2   | 10758 ||| Stepping ~*~*~tactically~*~*~ (hiding).
 10774 | Lair:2   | 10774 ||| INVOKING Heroism.
 10775 | Lair:2   | 10775 ||| INVOKING Finesse.
 10778 | Lair:2   | Killed Erica
 10878 | Lair:2   | 10878 ||| INVOKING Heroism.
 10901 | Lair:2   | 10901 ||| INVOKING Heroism.
 10906 | Lair:2   | Received a gift from Okawaru
 10907 | Lair:2   | Reached XP level 12. HP: 73/73 MP: 19/19
 10939 | Lair:2   | Noticed Amaemon
 10951 | Lair:2   | Killed Amaemon
 10952 | Lair:2   | Reached skill level 9 in Fighting
 11029 | Lair:2   | 11029 ||| INVOKING Heroism.
 11165 | Lair:2   | 11165 ||| INVOKING Heroism.
 11183 | Lair:2   | Reached skill level 12 in Axes
 11655 | Lair:2   | 11655 ||| READING 2 scrolls of identify.
 11655 | Lair:2   | 11655 ||| IDENTIFYING smoky sapphire potion
 11656 | Lair:2   | 11656 ||| DROPPING potion of degeneration.
 11680 | Lair:3   | 11680 ||| INVOKING Heroism.
 11684 | Lair:3   | 11684 ||| STAIRDANCE
 11739 | Lair:3   | 11739 ||| INVOKING Heroism.
 11784 | Lair:3   | 11784 ||| Stepping ~*~*~tactically~*~*~ (hiding).
 11786 | Lair:3   | 11786 ||| Stepping ~*~*~tactically~*~*~ (hiding).
 11794 | Lair:3   | Reached skill level 9 in Armour
 11888 | Lair:3   | 11888 ||| Stepping ~*~*~tactically~*~*~ (stealth).
 11912 | Lair:3   | 11912 ||| Stepping ~*~*~tactically~*~*~ (stealth).
 11914 | Lair:3   | 11914 ||| Stepping ~*~*~tactically~*~*~ (hiding).
 11916 | Lair:3   | 11916 ||| Stepping ~*~*~tactically~*~*~ (hiding).
 11949 | Lair:3   | Found a staircase to the Snake Pit.
 11956 | Lair:3   | 11956 ||| INVOKING Heroism.
 11977 | Lair:3   | 11977 ||| Stepping ~*~*~tactically~*~*~ (hiding).
 11984 | Lair:3   | 11984 ||| Stepping ~*~*~tactically~*~*~ (hiding).
 11984 | Lair:3   | Found a staircase to the Swamp.
 11985 | Lair:3   | 11985 ||| Stepping ~*~*~tactically~*~*~ (hiding).
 11992 | Lair:3   | Received a gift from Okawaru
 11993 | Lair:3   | Reached skill level 6 in Shields
 12111 | Lair:3   | 12111 ||| INVOKING Heroism.
 12112 | Lair:3   | 12112 ||| Stepping ~*~*~tactically~*~*~ (stealth).
 12138 | Lair:3   | 12138 ||| Stepping ~*~*~tactically~*~*~ (hiding).
 12319 | Lair:3   | 12319 ||| INVOKING Heroism.
 12361 | Lair:3   | 12361 ||| INVOKING Heroism.
 12396 | Lair:3   | 12396 ||| READING scroll of enchant armour.
 12396 | Lair:3   | 12396 ||| ENCHANTING +1 pair of gloves.
 12432 | Lair:3   | Noticed Snorg
 12433 | Lair:3   | 12433 ||| INVOKING Heroism.
 12434 | Lair:3   | 12434 ||| INVOKING Finesse.
 12438 | Lair:3   | Killed Snorg
 12439 | Lair:3   | Reached skill level 10 in Fighting
 12541 | Lair:3   | Noticed Kirke
 12542 | Lair:3   | 12542 ||| INVOKING Heroism.
 12543 | Lair:3   | 12543 ||| INVOKING Finesse.
 12554 | Lair:3   | Killed Kirke
 12555 | Lair:3   | Reached XP level 13. HP: 82/82 MP: 16/20
 12556 | Lair:3   | 12556 ||| Stepping ~*~*~tactically~*~*~ (stealth).
 12575 | Lair:3   | 12575 ||| Stepping ~*~*~tactically~*~*~ (stealth).
 12733 | Lair:3   | 12733 ||| Stepping ~*~*~tactically~*~*~ (stealth).
 12735 | Lair:3   | 12735 ||| INVOKING Heroism.
 12983 | Lair:3   | 12983 ||| DROPPING +2 pair of gloves of hurling.
 12984 | Lair:3   | 12984 ||| READING 3 scrolls of identify.
 12984 | Lair:3   | 12984 ||| IDENTIFYING viscous yellow potion
 12985 | Lair:3   | 12985 ||| READING 2 scrolls of identify.
 12985 | Lair:3   | 12985 ||| IDENTIFYING yellow potion
 12986 | Lair:3   | 12986 ||| DROPPING potion of berserk rage.
 13030 | Lair:4   | 13030 ||| INVOKING Heroism.
 13037 | Lair:4   | 13037 ||| Stepping ~*~*~tactically~*~*~ (stealth).
 13064 | Lair:4   | 13064 ||| Stepping ~*~*~tactically~*~*~ (stealth).
 13070 | Lair:4   | 13070 ||| Stepping ~*~*~tactically~*~*~ (stealth).
 13161 | Lair:4   | 13161 ||| INVOKING Heroism.
 13185 | Lair:4   | Found the +10 dark maul {vorpal}
 13259 | Lair:4   | 13259 ||| READING scroll of enchant armour.
 13259 | Lair:4   | 13259 ||| ENCHANTING +0 helmet.
 13272 | Lair:4   | Identified the +0 hat of Mirchits {Contam rF+ Dex+3}
 13286 | Lair:4   | 13286 ||| READING scroll of enchant armour.
 13286 | Lair:4   | 13286 ||| ENCHANTING +1 helmet.
 13371 | Lair:4   | 13371 ||| INVOKING Heroism.
 13448 | Lair:4   | 13448 ||| INVOKING Heroism.
 13450 | Lair:4   | 13450 ||| INVOKING Finesse.
 13463 | Lair:4   | Received a gift from Okawaru
 13632 | Lair:4   | 13632 ||| Stepping ~*~*~tactically~*~*~ (stealth).
 13793 | Lair:4   | Noticed a fire dragon
 13794 | Lair:4   | 13794 ||| INVOKING Heroism.
 13795 | Lair:4   | 13795 ||| INVOKING Finesse.
 13804 | Lair:4   | Killed a fire dragon
 14090 | Lair:4   | 14090 ||| UPGRADING to amulet of reflection.
 14100 | Lair:4   | 14100 ||| DROPPING amulet of Suasar {RegenMP Int+5 Dex+6}.
 14153 | Lair:5   | Entered Level 5 of the Lair of Beasts
 14167 | Lair:5   | 14167 ||| INVOKING Heroism.
 14227 | Lair:5   | 14227 ||| INVOKING Finesse.
 14236 | Lair:5   | 14236 ||| INVOKING Heroism.
 14237 | Lair:5   | Received a gift from Okawaru
 14328 | Lair:5   | 14328 ||| Stepping ~*~*~tactically~*~*~ (hiding).
 14331 | Lair:5   | 14331 ||| INVOKING Heroism.
 14332 | Lair:5   | 14332 ||| INVOKING Finesse.
 14425 | Lair:5   | 14425 ||| Stepping ~*~*~tactically~*~*~ (stealth).
 14427 | Lair:5   | 14427 ||| INVOKING Heroism.
 14428 | Lair:5   | 14428 ||| INVOKING Finesse.
 14440 | Lair:5   | Received a gift from Okawaru
 14470 | Lair:5   | Reached skill level 11 in Fighting
 14549 | Lair:5   | 14549 ||| INVOKING Heroism.
 14550 | Lair:5   | 14550 ||| INVOKING Finesse.
 14565 | Lair:5   | 14565 ||| Stepping ~*~*~tactically~*~*~ (stealth).
 14600 | Lair:5   | 14600 ||| Stepping ~*~*~tactically~*~*~ (stealth).
 14602 | Lair:5   | 14602 ||| Stepping ~*~*~tactically~*~*~ (stealth).
 14604 | Lair:5   | 14604 ||| Stepping ~*~*~tactically~*~*~ (stealth).
 14606 | Lair:5   | 14606 ||| INVOKING Heroism.
 14607 | Lair:5   | 14607 ||| INVOKING Finesse.
 14616 | Lair:5   | Received a gift from Okawaru
 14617 | Lair:5   | Gained mutation: Your large and strong wings let you fly.
                  | [Gargoyle growth]
 14617 | Lair:5   | Reached XP level 14. HP: 90/90 MP: 14/21
 14622 | Lair:5   | 14622 ||| Stepping ~*~*~tactically~*~*~ (stealth).
 14632 | Lair:5   | Received a gift from Okawaru
 14636 | Lair:5   | 14636 ||| Stepping ~*~*~tactically~*~*~ (stealth).
 14741 | Lair:5   | 14741 ||| INVOKING Heroism.
 14742 | Lair:5   | 14742 ||| INVOKING Finesse.
 14917 | Lair:5   | 14917 ||| Stepping ~*~*~tactically~*~*~ (stealth).
 14918 | Lair:5   | 14918 ||| Stepping ~*~*~tactically~*~*~ (stealth).
 14919 | Lair:5   | 14919 ||| Stepping ~*~*~tactically~*~*~ (stealth).
 14920 | Lair:5   | 14920 ||| Stepping ~*~*~tactically~*~*~ (stealth).
 14922 | Lair:5   | 14922 ||| INVOKING Heroism.
 14934 | Lair:5   | Reached skill level 6 in Throwing
 14994 | Lair:5   | Found a staircase to the Slime Pits.
 14995 | Lair:5   | Found a viscous altar of Jiyva.
 15077 | Lair:5   | 15077 ||| INVOKING Heroism.
 15087 | Lair:5   | Reached skill level 15 in Axes
 15090 | Lair:5   | Received a gift from Okawaru
 15173 | Lair:5   | 15173 ||| INVOKING Heroism.
 15174 | Lair:5   | 15174 ||| INVOKING Finesse.
 15185 | Lair:5   | 15185 ||| Stepping ~*~*~tactically~*~*~ (hiding).
 15320 | Lair:5   | 15320 ||| INVOKING Heroism.
 15333 | Lair:5   | 15333 ||| READING 4 scrolls of identify.
 15333 | Lair:5   | 15333 ||| IDENTIFYING glowing dark potion
 15337 | Lair:5   | Received a gift from Okawaru
 15430 | Lair:5   | 15430 ||| READING 5 scrolls of teleportation.
 15431 | Lair:5   | 15431 ||| FLEEEEING.
 15432 | Lair:5   | 15432 ||| FLEEEEING.
 15433 | Lair:5   | 15433 ||| INVOKING Heroism.
 15497 | Lair:5   | 15497 ||| READING scroll of enchant armour.
 15497 | Lair:5   | 15497 ||| ENCHANTING +0 pair of boots.
 15551 | Lair:5   | 15551 ||| Stepping ~*~*~tactically~*~*~ (hiding).
 15662 | Lair:5   | 15662 ||| Stepping ~*~*~tactically~*~*~ (hiding).
 15665 | Lair:5   | Reached ****** piety under Okawaru
 15674 | Lair:5   | 15674 ||| READING 4 scrolls of teleportation.
 15676 | Lair:5   | 15676 ||| FLEEEEING.
 15677 | Lair:5   | 15677 ||| FLEEEEING.
 15678 | Lair:5   | 15678 ||| FLEEEEING.
 15710 | Lair:5   | 15710 ||| FLEEEEING.
 15712 | Lair:5   | 15712 ||| INVOKING Heroism.
 15738 | Lair:5   | 15738 ||| INVOKING Heroism.
 15740 | Lair:5   | Identified the +11 rapier "Redd" {antimagic, rElec Will-
                  | Int+7} (Okawaru gifted it to you on level 5 of the Lair of
                  | Beasts)
 15740 | Lair:5   | Received a gift from Okawaru
 15782 | Lair:5   | 15782 ||| READING 3 scrolls of teleportation.
 15783 | Lair:5   | 15783 ||| FLEEEEING.
 15784 | Lair:5   | 15784 ||| FLEEEEING.
 15785 | Lair:5   | 15785 ||| FLEEEEING.
 15804 | Lair:5   | 15804 ||| INVOKING Heroism.
 15811 | Lair:5   | Reached skill level 12 in Fighting
 15911 | Lair:5   | 15911 ||| READING scroll of enchant weapon.
 15911 | Lair:5   | 15911 ||| ENCHANTING +7 broad axe of flaming.
 15941 | Lair:5   | 15941 ||| PLANNING D:1-11
 15941 | Lair:5   | 15941 ||| READING scroll labelled SAQIMU FUQY.
 16097 | D:9      | 16097 ||| READING scroll of enchant armour.
 16097 | D:9      | 16097 ||| ENCHANTING +1 pair of boots.
 16136 | D:9      | Identified the +11 spear of Darkness {venom, Str+3}
 16158 | D:9      | Found a broken altar of Ashenzari.
 16207 | D:9      | 16207 ||| Stepping ~*~*~tactically~*~*~ (stealth).
 16210 | D:9      | 16210 ||| Stepping ~*~*~tactically~*~*~ (stealth).
 16728 | D:10     | Entered Level 10 of the Dungeon
 16736 | D:10     | 16736 ||| INVOKING Heroism.
 16775 | D:10     | 16775 ||| Stepping ~*~*~tactically~*~*~ (stealth).
 16817 | D:10     | 16817 ||| Stepping ~*~*~tactically~*~*~ (stealth).
 16819 | D:10     | 16819 ||| Stepping ~*~*~tactically~*~*~ (stealth).
 16834 | D:10     | 16834 ||| Stepping ~*~*~tactically~*~*~ (stealth).
 16835 | D:10     | 16835 ||| Stepping ~*~*~tactically~*~*~ (stealth).
 16842 | D:10     | 16842 ||| Stepping ~*~*~tactically~*~*~ (stealth).
 16854 | D:10     | 16854 ||| INVOKING Heroism.
 16858 | D:10     | 16858 ||| Stepping ~*~*~tactically~*~*~ (stealth).
 16872 | D:10     | Found a staircase to the Orcish Mines.
 16964 | D:10     | 16964 ||| Stepping ~*~*~tactically~*~*~ (stealth).
 16978 | D:10     | 16978 ||| Stepping ~*~*~tactically~*~*~ (hiding).
 16983 | D:10     | Received a gift from Okawaru
 16984 | D:10     | 16984 ||| Stepping ~*~*~tactically~*~*~ (stealth).
 16985 | D:10     | 16985 ||| Stepping ~*~*~tactically~*~*~ (stealth).
 16986 | D:10     | 16986 ||| Stepping ~*~*~tactically~*~*~ (stealth).
 17100 | D:10     | 17100 ||| Stepping ~*~*~tactically~*~*~ (hiding).
 17101 | D:10     | 17101 ||| Stepping ~*~*~tactically~*~*~ (hiding).
 17216 | D:10     | Found an ornate altar of the Wu Jian Council.
 17345 | D:10     | Found a glowing golden altar of the Shining One.
 17355 | D:10     | 17355 ||| Stepping ~*~*~tactically~*~*~ (stealth).
 17364 | D:10     | 17364 ||| Stepping ~*~*~tactically~*~*~ (stealth).
 17553 | D:10     | 17553 ||| UPGRADING to +0 buckler of protection.
 17563 | D:10     | 17563 ||| DROPPING +0 buckler.
 17616 | D:11     | 17616 ||| INVOKING Heroism.
 17691 | D:11     | Found Kacyucs's General Store.
 17699 | D:11     | 17699 ||| BUYING scroll of teleportation (39 gold).
 17699 | D:11     | Bought a scroll of teleportation for 39 gold pieces
 17997 | D:11     | 17997 ||| Stepping ~*~*~tactically~*~*~ (stealth).
 18002 | D:11     | 18002 ||| Stepping ~*~*~tactically~*~*~ (stealth).
 18003 | D:11     | 18003 ||| Stepping ~*~*~tactically~*~*~ (stealth).
 18008 | D:11     | Reached XP level 15. HP: 96/96 MP: 22/22
 18053 | D:11     | 18053 ||| Stepping ~*~*~tactically~*~*~ (stealth).
 18061 | D:11     | 18061 ||| Stepping ~*~*~tactically~*~*~ (stealth).
 18062 | D:11     | 18062 ||| Stepping ~*~*~tactically~*~*~ (stealth).
 18063 | D:11     | 18063 ||| INVOKING Heroism.
 18496 | D:11     | 18496 ||| PLANNING D
 18496 | D:11     | 18496 ||| DROPPING amulet of the acrobat.
 18560 | D:12     | 18560 ||| Stepping ~*~*~tactically~*~*~ (hiding).
 19109 | D:12     | You are sucked into a shaft and drop 3 floors!
 19109 | D:15     | Entered Level 15 of the Dungeon
 19124 | D:15     | 19124 ||| Stepping ~*~*~tactically~*~*~ (stealth).
 19136 | D:15     | 19136 ||| Stepping ~*~*~tactically~*~*~ (hiding).
 19190 | D:15     | 19190 ||| Stepping ~*~*~tactically~*~*~ (hiding).
 19248 | D:15     | 19248 ||| Stepping ~*~*~tactically~*~*~ (hiding).
 19344 | D:14     | 19344 ||| READING 3 scrolls of teleportation.
 19378 | D:14     | Reached skill level 12 in Armour
 19448 | D:14     | 19448 ||| Stepping ~*~*~tactically~*~*~ (stealth).
 19453 | D:14     | 19453 ||| INVOKING Heroism.
 19455 | D:14     | 19455 ||| Stepping ~*~*~tactically~*~*~ (stealth).
 19501 | D:14     | 19501 ||| Stepping ~*~*~tactically~*~*~ (stealth).
 19503 | D:14     | Noticed Nessos
 19504 | D:14     | 19504 ||| Stepping ~*~*~tactically~*~*~ (hiding).
 19505 | D:14     | 19505 ||| Stepping ~*~*~tactically~*~*~ (hiding).
 19513 | D:14     | 19513 ||| INVOKING Finesse.
 19515 | D:14     | 19515 ||| INVOKING Heroism.
 19531 | D:14     | Killed Nessos
 19539 | D:14     | Found a gate to the Vaults.
 19550 | D:14     | 19550 ||| Stepping ~*~*~tactically~*~*~ (hiding).
 19553 | D:14     | Noticed Urug
 19571 | D:14     | Identified the +0 tower shield of Virtue {MP+9 Int+3}
                  | (Okawaru gifted it to you on level 14 of the Dungeon)
 19571 | D:14     | Received a gift from Okawaru
 19574 | D:14     | Killed Urug
 19589 | D:13     | 19589 ||| PLANNING GAUNTLET
 19600 | D:13     | 19600 ||| INVOKING Heroism.
 19606 | D:13     | 19606 ||| READING 2 scrolls of teleportation.
 19765 | D:13     | Found Macuagh's Assorted Antiques.
 19776 | D:13     | 19776 ||| BUYING 3 scrolls of identify (138 gold).
 19776 | D:13     | Bought 3 scrolls of identify for 138 gold pieces
 19776 | D:13     | 19776 ||| BUYING glowing scarf (184 gold).
 19776 | D:13     | Bought a glowing scarf for 184 gold pieces
 19776 | D:13     | 19776 ||| BUYING scroll of identify (46 gold).
 19776 | D:13     | Bought a scroll of identify for 46 gold pieces
 19776 | D:13     | 19776 ||| BUYING scroll of teleportation (69 gold).
 19776 | D:13     | Bought a scroll of teleportation for 69 gold pieces
 19776 | D:13     | 19776 ||| BUYING scroll of teleportation (69 gold).
 19776 | D:13     | Bought a scroll of teleportation for 69 gold pieces
 19785 | D:13     | Found a portal to a secret trove of treasure.
 19902 | D:13     | 19902 ||| INVOKING Heroism.
 19959 | D:13     | 19959 ||| Stepping ~*~*~tactically~*~*~ (hiding).
 20019 | D:13     | 20019 ||| RIP GAUNTLET
 20047 | D:13     | 20047 ||| PLANNING D
 20053 | D:13     | 20053 ||| DROPPING scarf of invisibility.
 20054 | D:13     | 20054 ||| READING scroll labelled HOAWUP NOGILL.
 20099 | D:12     | Found Riussog's Weapon Shoppe.
 20405 | D:13     | 20405 ||| READING scroll of enchant weapon.
 20405 | D:13     | 20405 ||| ENCHANTING +8 broad axe of flaming.
 20539 | D:13     | 20539 ||| Stepping ~*~*~tactically~*~*~ (stealth).
 20540 | D:13     | 20540 ||| Stepping ~*~*~tactically~*~*~ (stealth).
 20849 | D:14     | Found Yggischirph's Antique Armour Boutique.
 20856 | D:14     | 20856 ||| BUYING pair of runed boots (232 gold).
 20856 | D:14     | Bought a pair of runed boots for 232 gold pieces
 20867 | D:14     | 20867 ||| Stepping ~*~*~tactically~*~*~ (hiding).
 20898 | D:14     | 20898 ||| FLEEEEING.
 20899 | D:14     | 20899 ||| FLEEEEING.
 20900 | D:14     | 20900 ||| FLEEEEING.
 20907 | D:14     | 20907 ||| FLEEEEING.
 20908 | D:14     | 20908 ||| FLEEEEING.
 20909 | D:14     | 20909 ||| FLEEEEING.
 20910 | D:14     | 20910 ||| FLEEEEING.
 20911 | D:14     | 20911 ||| FLEEEEING.
 20912 | D:14     | 20912 ||| FLEEEEING.
 20913 | D:14     | 20913 ||| FLEEEEING.
 20914 | D:14     | 20914 ||| FLEEEEING.
 20915 | D:14     | 20915 ||| FLEEEEING.
 20916 | D:14     | 20916 ||| FLEEEEING.
 20917 | D:14     | 20917 ||| FLEEEEING.
 20918 | D:14     | 20918 ||| FLEEEEING.
 20919 | D:14     | 20919 ||| FLEEEEING.
 20920 | D:14     | 20920 ||| FLEEEEING.
 20921 | D:14     | 20921 ||| FLEEEEING.
 20922 | D:14     | 20922 ||| FLEEEEING.
 20923 | D:14     | 20923 ||| FLEEEEING.
 20924 | D:14     | 20924 ||| FLEEEEING.
 20925 | D:14     | 20925 ||| FLEEEEING.
 20926 | D:14     | 20926 ||| FLEEEEING.
 20927 | D:14     | 20927 ||| FLEEEEING.
 20928 | D:14     | 20928 ||| FLEEEEING.
 20929 | D:14     | 20929 ||| FLEEEEING.
 20930 | D:14     | 20930 ||| FLEEEEING.
 21066 | D:14     | 21066 ||| Stepping ~*~*~tactically~*~*~ (hiding).
 21110 | D:14     | 21110 ||| DROPPING +0 pair of boots of stealth.
 21111 | D:14     | 21111 ||| UPGRADING to +0 tower shield of Virtue {MP+9
                  | Int+3}.
 21116 | D:14     | 21116 ||| UPGRADING to +0 tower shield of Virtue {MP+9
                  | Int+3}.
 21121 | D:14     | 21121 ||| DROPPING +0 buckler of protection.
 21122 | D:14     | 21122 ||| READING 4 scrolls of teleportation.
 21127 | D:14     | 21127 ||| READING 3 scrolls of teleportation.
 21258 | D:14     | 21258 ||| Stepping ~*~*~tactically~*~*~ (hiding).
 21268 | D:14     | 21268 ||| READING 2 scrolls of teleportation.
 21273 | D:14     | 21273 ||| INVOKING Heroism.
 21358 | D:14     | 21358 ||| INVOKING Heroism.
 21362 | D:14     | Reached skill level 9 in Shields
 21370 | D:14     | 21370 ||| Stepping ~*~*~tactically~*~*~ (stealth).
 21434 | D:14     | 21434 ||| Stepping ~*~*~tactically~*~*~ (stealth).
 21438 | D:14     | 21438 ||| INVOKING Heroism.
 21529 | D:14     | 21529 ||| DROPPING +0 chain mail of fire resistance.
 21530 | D:14     | 21530 ||| READING scroll of teleportation.
 21563 | D:14     | 21563 ||| Stepping randomly (stuck).
 21564 | D:14     | 21564 ||| Stepping randomly (stuck).
 21568 | D:14     | 21568 ||| Stepping randomly (stuck).
 21569 | D:14     | 21569 ||| Stepping randomly (stuck).
 21570 | D:14     | 21570 ||| Stepping randomly (stuck).
 21571 | D:14     | 21571 ||| Stepping randomly (stuck).
 21572 | D:14     | 21572 ||| Stepping randomly (stuck).
 21573 | D:14     | 21573 ||| Stepping randomly (stuck).
 21574 | D:14     | 21574 ||| Stepping randomly (stuck).
 21575 | D:14     | 21575 ||| Stepping randomly (stuck).
 21576 | D:14     | 21576 ||| Stepping randomly (stuck).
 21577 | D:14     | 21577 ||| Stepping randomly (stuck).
 21585 | D:14     | 21585 ||| INVOKING Heroism.
 21618 | D:14     | 21618 ||| Stepping ~*~*~tactically~*~*~ (stealth).
 21654 | D:14     | 21654 ||| Stepping ~*~*~tactically~*~*~ (stealth).
 21656 | D:14     | 21656 ||| Stepping ~*~*~tactically~*~*~ (hiding).
 21657 | D:14     | 21657 ||| Stepping ~*~*~tactically~*~*~ (stealth).
 21684 | D:14     | 21684 ||| Stepping ~*~*~tactically~*~*~ (stealth).
 21686 | D:14     | 21686 ||| Stepping ~*~*~tactically~*~*~ (stealth).
 21687 | D:14     | 21687 ||| Stepping ~*~*~tactically~*~*~ (stealth).
 21842 | D:15     | 21842 ||| Stepping ~*~*~tactically~*~*~ (stealth).
 21844 | D:15     | 21844 ||| INVOKING Heroism.
 21845 | D:15     | 21845 ||| Stepping ~*~*~tactically~*~*~ (stealth).
 21852 | D:15     | 21852 ||| Stepping ~*~*~tactically~*~*~ (stealth).
 21855 | D:15     | Received a gift from Okawaru
 21860 | D:15     | Reached XP level 16. HP: 66/103 MP: 23/23
 21861 | D:15     | 21861 ||| Stepping ~*~*~tactically~*~*~ (hiding).
 21876 | D:15     | 21876 ||| Stepping ~*~*~tactically~*~*~ (stealth).
 22052 | D:15     | 22052 ||| Stepping ~*~*~tactically~*~*~ (hiding).
 22237 | D:15     | 22237 ||| Stepping ~*~*~tactically~*~*~ (hiding).
 22239 | D:15     | 22239 ||| Stepping ~*~*~tactically~*~*~ (hiding).
 22240 | D:15     | 22240 ||| INVOKING Heroism.
 22275 | D:15     | 22275 ||| Stepping ~*~*~tactically~*~*~ (hiding).
 22278 | D:15     | 22278 ||| Stepping ~*~*~tactically~*~*~ (hiding).
 22293 | D:15     | 22293 ||| Stepping ~*~*~tactically~*~*~ (stealth).
 22363 | D:15     | Found a staircase to the Depths.
 22364 | D:15     | 22364 ||| Stepping ~*~*~tactically~*~*~ (stealth).
 22366 | D:15     | 22366 ||| INVOKING Heroism.
 22371 | D:15     | Reached skill level 12 in Shields
 22643 | D:15     | 22643 ||| PLANNING ORC
 22728 | Orc:1    | Entered Level 1 of the Orcish Mines
 22729 | Orc:1    | 22729 ||| INVOKING Heroism.
 22872 | Orc:2    | Entered Level 2 of the Orcish Mines
 22873 | Orc:2    | 22873 ||| STAIRDANCE
 22881 | Orc:2    | 22881 ||| STAIRDANCE
 22883 | Orc:1    | 22883 ||| INVOKING Heroism.
 22889 | Orc:2    | 22889 ||| STAIRDANCE
 22976 | Orc:2    | 22976 ||| STAIRDANCE
 23040 | Orc:2    | Found Totick's Antique Weapon Emporium.
 23094 | Orc:2    | 23094 ||| Stepping ~*~*~tactically~*~*~ (hiding).
 23096 | Orc:2    | 23096 ||| INVOKING Heroism.
 23113 | Orc:2    | 23113 ||| Stepping ~*~*~tactically~*~*~ (stealth).
 23114 | Orc:2    | 23114 ||| Stepping ~*~*~tactically~*~*~ (stealth).
 23115 | Orc:2    | 23115 ||| Stepping ~*~*~tactically~*~*~ (stealth).
 23138 | Orc:2    | 23138 ||| Stepping ~*~*~tactically~*~*~ (stealth).
 23141 | Orc:2    | 23141 ||| Stepping ~*~*~tactically~*~*~ (stealth).
 23143 | Orc:2    | 23143 ||| Stepping ~*~*~tactically~*~*~ (stealth).
 23151 | Orc:2    | 23151 ||| INVOKING Heroism.
 23155 | Orc:2    | 23155 ||| Stepping ~*~*~tactically~*~*~ (stealth).
 23167 | Orc:2    | 23167 ||| Stepping ~*~*~tactically~*~*~ (stealth).
 23192 | Orc:2    | 23192 ||| INVOKING Heroism.
 23211 | Orc:2    | Identified the +1 scale mail of Wicked Surprise {Fly rC+}
                  | (Okawaru gifted it to you on level 2 of the Orcish Mines)
 23211 | Orc:2    | Received a gift from Okawaru
 23223 | Orc:2    | 23223 ||| Stepping ~*~*~tactically~*~*~ (stealth).
 23234 | Orc:2    | 23234 ||| INVOKING Heroism.
 23261 | Orc:2    | 23261 ||| Stepping ~*~*~tactically~*~*~ (stealth).
 23268 | Orc:2    | 23268 ||| Stepping ~*~*~tactically~*~*~ (stealth).
 23280 | Orc:2    | 23280 ||| Stepping ~*~*~tactically~*~*~ (stealth).
 23285 | Orc:2    | 23285 ||| Stepping ~*~*~tactically~*~*~ (hiding).
 23286 | Orc:2    | 23286 ||| Stepping ~*~*~tactically~*~*~ (hiding).
 23292 | Orc:2    | 23292 ||| INVOKING Heroism.
 23342 | Orc:2    | 23342 ||| INVOKING Heroism.
 23357 | Orc:2    | Found Cioliet's General Store.
 23359 | Orc:2    | Found Xiuza's Distillery.
 23367 | Orc:2    | Found Edoymev's Antique Weapon Boutique.
 23370 | Orc:2    | 23370 ||| BUYING potion of attraction (36 gold).
 23370 | Orc:2    | Bought a potion of attraction for 36 gold pieces
 23370 | Orc:2    | 23370 ||| BUYING potion of attraction (36 gold).
 23370 | Orc:2    | Bought a potion of attraction for 36 gold pieces
 23370 | Orc:2    | 23370 ||| BUYING potion of attraction (36 gold).
 23370 | Orc:2    | Bought a potion of attraction for 36 gold pieces
 23370 | Orc:2    | 23370 ||| BUYING potion of curing (36 gold).
 23370 | Orc:2    | Bought a potion of curing for 36 gold pieces
 23370 | Orc:2    | 23370 ||| BUYING potion of heal wounds (60 gold).
 23370 | Orc:2    | Bought a potion of heal wounds for 60 gold pieces
 23370 | Orc:2    | 23370 ||| BUYING potion of lignification (36 gold).
 23370 | Orc:2    | Bought a potion of lignification for 36 gold pieces
 23383 | Orc:2    | Found Miuri's Weapon Shoppe.
 23446 | Orc:2    | 23446 ||| Stepping ~*~*~tactically~*~*~ (stealth).
 23449 | Orc:2    | 23449 ||| Stepping ~*~*~tactically~*~*~ (hiding).
 23452 | Orc:2    | 23452 ||| INVOKING Heroism.
 23519 | Orc:2    | 23519 ||| FLEEEEING.
 23520 | Orc:2    | 23520 ||| FLEEEEING.
 23521 | Orc:2    | 23521 ||| FLEEEEING.
 23522 | Orc:2    | 23522 ||| FLEEEEING.
 23523 | Orc:2    | 23523 ||| FLEEEEING.
 23615 | Orc:2    | 23615 ||| Stepping ~*~*~tactically~*~*~ (stealth).
 23623 | Orc:2    | Found a staircase to the Elven Halls.
 23804 | Orc:1    | 23804 ||| INVOKING Heroism.
 23969 | Orc:1    | 23969 ||| INVOKING Heroism.
 24216 | Orc:1    | 24216 ||| PLANNING SWAMP:1-3
 24460 | Swamp:1  | Entered Level 1 of the Swamp
 24548 | Swamp:1  | 24548 ||| Stepping ~*~*~tactically~*~*~ (hiding).
 24550 | Swamp:1  | 24550 ||| INVOKING Heroism.
 24560 | Swamp:1  | 24560 ||| Stepping ~*~*~tactically~*~*~ (stealth).
 24561 | Swamp:1  | 24561 ||| Stepping ~*~*~tactically~*~*~ (stealth).
 24563 | Swamp:1  | 24563 ||| Stepping ~*~*~tactically~*~*~ (stealth).
 24654 | Swamp:1  | 24654 ||| INVOKING Heroism.
 24685 | Swamp:1  | Reached skill level 15 in Shields
 24913 | Swamp:1  | 24913 ||| Stepping ~*~*~tactically~*~*~ (hiding).
 24914 | Swamp:1  | 24914 ||| Stepping ~*~*~tactically~*~*~ (stealth).
 24918 | Swamp:1  | 24918 ||| Stepping ~*~*~tactically~*~*~ (stealth).
 24993 | Swamp:1  | 24993 ||| INVOKING Heroism.
 25143 | Swamp:2  | 25143 ||| Stepping ~*~*~tactically~*~*~ (stealth).
 25161 | Swamp:2  | Received a gift from Okawaru
 25162 | Swamp:2  | 25162 ||| INVOKING Heroism.
 25181 | Swamp:2  | Reached XP level 17. HP: 95/108 MP: 24/24
 25187 | Swamp:2  | Identified the +0 pair of boots "Tinijeem" {Contam Str+2
                  | Stlth+} (Okawaru gifted it to you on level 2 of the Swamp)
 25187 | Swamp:2  | Received a gift from Okawaru
 25209 | Swamp:2  | 25209 ||| Stepping ~*~*~tactically~*~*~ (stealth).
 25210 | Swamp:2  | 25210 ||| Stepping ~*~*~tactically~*~*~ (stealth).
 25293 | Swamp:2  | 25293 ||| FLEEEEING.
 25295 | Swamp:2  | 25295 ||| FLEEEEING.
 25298 | Swamp:2  | 25298 ||| FLEEEEING.
 25299 | Swamp:2  | 25299 ||| FLEEEEING.
 25300 | Swamp:2  | 25300 ||| FLEEEEING.
 25301 | Swamp:2  | 25301 ||| FLEEEEING.
 25302 | Swamp:2  | 25302 ||| STAIRDANCE
 25375 | Swamp:2  | 25375 ||| STAIRDANCE
 25383 | Swamp:2  | 25383 ||| STAIRDANCE
 25411 | Swamp:2  | 25411 ||| STAIRDANCE
 25489 | Swamp:2  | 25489 ||| STAIRDANCE
 25495 | Swamp:1  | 25495 ||| INVOKING Heroism.
 25652 | Swamp:2  | 25652 ||| INVOKING Heroism.
 25772 | Swamp:2  | 25772 ||| Stepping ~*~*~tactically~*~*~ (stealth).
 25779 | Swamp:2  | 25779 ||| Stepping ~*~*~tactically~*~*~ (hiding).
 25781 | Swamp:2  | 25781 ||| Stepping ~*~*~tactically~*~*~ (hiding).
 26365 | Swamp:2  | 26365 ||| DROPPING +0 pair of boots "Tinijeem" {Contam
                  | Str+2 Stlth+}.
 26366 | Swamp:2  | 26366 ||| DROPPING amulet of faith.
 26391 | Swamp:3  | Found a runed translucent gate.
 26470 | Swamp:3  | Found a runed translucent gate.
 26471 | Swamp:3  | Found a runed translucent gate.
 26471 | Swamp:3  | Noticed qw's ghost (adept GrFi)
 26473 | Swamp:3  | Noticed a tentacled monstrosity
 26518 | Swamp:3  | 26518 ||| Stepping ~*~*~tactically~*~*~ (hiding).
 26520 | Swamp:3  | 26520 ||| Stepping ~*~*~tactically~*~*~ (hiding).
 26648 | Swamp:3  | 26648 ||| Stepping ~*~*~tactically~*~*~ (stealth).
 26650 | Swamp:3  | 26650 ||| Stepping ~*~*~tactically~*~*~ (stealth).
 26659 | Swamp:3  | 26659 ||| FLEEEEING.
 26660 | Swamp:3  | 26660 ||| FLEEEEING.
 26661 | Swamp:3  | 26661 ||| FLEEEEING.
 26662 | Swamp:3  | 26662 ||| FLEEEEING.
 26663 | Swamp:3  | 26663 ||| FLEEEEING.
 26664 | Swamp:3  | 26664 ||| FLEEEEING.
 26665 | Swamp:3  | 26665 ||| FLEEEEING.
 26667 | Swamp:3  | 26667 ||| FLEEEEING.
 26668 | Swamp:3  | 26668 ||| FLEEEEING.
 26669 | Swamp:3  | 26669 ||| FLEEEEING.
 26670 | Swamp:3  | 26670 ||| STAIRDANCE
 26777 | Swamp:3  | 26777 ||| INVOKING Heroism.
 26778 | Swamp:3  | 26778 ||| STAIRDANCE
 26799 | Swamp:3  | Reached skill level 13 in Fighting
 26799 | Swamp:3  | 26799 ||| Stepping ~*~*~tactically~*~*~ (hiding).
 26803 | Swamp:3  | 26803 ||| Stepping ~*~*~tactically~*~*~ (hiding).
 27312 | Swamp:3  | 27312 ||| PLANNING SNAKE:1-3
 27312 | Swamp:3  | 27312 ||| DROPPING +2 chain mail of fire resistance.
 27313 | Swamp:3  | 27313 ||| DROPPING +0 fire dragon scales.
 27314 | Swamp:3  | 27314 ||| DRINKING 2 fuming brown potions.
 27415 | Swamp:3  | 27415 ||| DROPPING potion of ambrosia.
 27473 | Snake:1  | Entered Level 1 of the Snake Pit
 27479 | Snake:1  | 27479 ||| Stepping ~*~*~tactically~*~*~ (hiding).
 27640 | Snake:1  | Found Usoodot's Antique Armour Emporium.
 27642 | Snake:1  | 27642 ||| Stepping ~*~*~tactically~*~*~ (hiding).
 27716 | Snake:1  | 27716 ||| BUYING glowing plate armour (1014 gold).
 27716 | Snake:1  | Bought a glowing plate armour for 1014 gold pieces
 27716 | Snake:1  | 27716 ||| SHOPLISTING jewelled ice dragon scales (2535
                  | gold, have 662).
 27716 | Snake:1  | 27716 ||| SHOPLISTING runed plate armour (1014 gold, have
                  | 662).
 27716 | Snake:1  | 27716 ||| BUYING shiny chain mail (292 gold).
 27716 | Snake:1  | Bought a shiny chain mail for 292 gold pieces
 27725 | Snake:1  | Found a runed translucent door.
 27778 | Snake:1  | 27778 ||| Stepping ~*~*~tactically~*~*~ (hiding).
 27783 | Snake:1  | 27783 ||| INVOKING Heroism.
 28230 | Snake:1  | 28230 ||| Stepping ~*~*~tactically~*~*~ (hiding).
 28236 | Snake:1  | 28236 ||| Stepping ~*~*~tactically~*~*~ (hiding).
 28243 | Snake:1  | 28243 ||| Stepping ~*~*~tactically~*~*~ (hiding).
 28269 | Snake:1  | 28269 ||| Stepping ~*~*~tactically~*~*~ (stealth).
 28272 | Snake:1  | 28272 ||| Stepping ~*~*~tactically~*~*~ (hiding).
 28277 | Snake:1  | 28277 ||| INVOKING Heroism.
 28615 | Snake:1  | 28615 ||| Stepping ~*~*~tactically~*~*~ (hiding).
 28626 | Snake:1  | 28626 ||| Stepping ~*~*~tactically~*~*~ (hiding).
 28644 | Snake:1  | 28644 ||| Stepping ~*~*~tactically~*~*~ (hiding).
 28652 | Snake:1  | 28652 ||| INVOKING Heroism.
 28673 | Snake:1  | You are sucked into a shaft and drop 1 floor!
 28697 | Snake:2  | 28697 ||| INVOKING Heroism.
 28698 | Snake:2  | 28698 ||| INVOKING Finesse.
 28783 | Snake:2  | 28783 ||| Stepping ~*~*~tactically~*~*~ (stealth).
 28785 | Snake:2  | 28785 ||| INVOKING Heroism.
 28786 | Snake:2  | 28786 ||| INVOKING Finesse.
 28793 | Snake:2  | Noticed a tentacled monstrosity
 28795 | Snake:2  | 28795 ||| Stepping ~*~*~tactically~*~*~ (stealth).
 28802 | Snake:2  | Killed a tentacled monstrosity
 28942 | Snake:2  | 28942 ||| Stepping ~*~*~tactically~*~*~ (hiding).
 28949 | Snake:2  | 28949 ||| INVOKING Heroism.
 29154 | Snake:1  | 29154 ||| Stepping ~*~*~tactically~*~*~ (stealth).
 29155 | Snake:1  | 29155 ||| Stepping ~*~*~tactically~*~*~ (stealth).
 29156 | Snake:1  | 29156 ||| Stepping ~*~*~tactically~*~*~ (stealth).
 29159 | Snake:1  | 29159 ||| Stepping ~*~*~tactically~*~*~ (hiding).
 29160 | Snake:1  | 29160 ||| Stepping ~*~*~tactically~*~*~ (hiding).
 29461 | Snake:1  | 29461 ||| Stepping ~*~*~tactically~*~*~ (hiding).
 29522 | Snake:1  | Noticed Sagen's ghost (adept DrCj)
 29594 | Snake:2  | Gained mutation: You occasionally shout uncontrollably at
                  | your foes. [mutagenic glow]
 29603 | Snake:2  | Gained mutation: You have sharp toenails. [mutagenic glow]
 29613 | Snake:2  | Gained mutation: You occasionally lose the ability to drink
                  | potions when taking damage. [mutagenic glow]
 29641 | Snake:2  | 29641 ||| DRINKING 3 potions of mutation.
 29641 | Snake:2  | Lost mutation: You occasionally shout uncontrollably at
                  | your foes. [potion of mutation]
 29641 | Snake:2  | Lost mutation: You occasionally lose the ability to drink
                  | potions when taking damage. [potion of mutation]
 29641 | Snake:2  | Gained mutation: You passively dampen the noise of your
                  | surroundings. [potion of mutation]
 29641 | Snake:2  | Gained mutation: You are agile. (Dex +4, Str/Int -1)
                  | [potion of mutation]
 29641 | Snake:2  | Gained mutation: Your natural rate of healing is unusually
                  | fast. [potion of mutation]
 29859 | Snake:2  | 29859 ||| Stepping ~*~*~tactically~*~*~ (hiding).
 29861 | Snake:2  | 29861 ||| Stepping ~*~*~tactically~*~*~ (hiding).
 29864 | Snake:2  | 29864 ||| Stepping ~*~*~tactically~*~*~ (hiding).
 29865 | Snake:2  | 29865 ||| Stepping ~*~*~tactically~*~*~ (hiding).
 29868 | Snake:2  | 29868 ||| Stepping ~*~*~tactically~*~*~ (hiding).
 29869 | Snake:2  | 29869 ||| Stepping ~*~*~tactically~*~*~ (hiding).
 30045 | Snake:2  | Identified the +7 sling of Accord {flame, SInv}
 30109 | Snake:2  | Found Igolimuc's Jewellery Boutique.
 30110 | Snake:2  | 30110 ||| Stepping ~*~*~tactically~*~*~ (hiding).
 30114 | Snake:2  | 30114 ||| INVOKING Heroism.
 30119 | Snake:2  | Received a gift from Okawaru
 30124 | Snake:2  | Found Vocs's Distillery.
 30124 | Snake:2  | Found Opiqox's Jewellery Shop.
 30127 | Snake:2  | Found Zogodup's Antique Weapon Shop.
 30132 | Snake:2  | 30132 ||| BUYING potion of curing (42 gold).
 30132 | Snake:2  | Bought a potion of curing for 42 gold pieces
 30132 | Snake:2  | 30132 ||| BUYING potion of haste (140 gold).
 30132 | Snake:2  | Bought a potion of haste for 140 gold pieces
 30132 | Snake:2  | 30132 ||| BUYING potion of heal wounds (70 gold).
 30132 | Snake:2  | Bought a potion of heal wounds for 70 gold pieces
 30132 | Snake:2  | 30132 ||| BUYING potion of heal wounds (70 gold).
 30132 | Snake:2  | Bought a potion of heal wounds for 70 gold pieces
 30132 | Snake:2  | 30132 ||| BUYING potion of mutation (112 gold).
 30132 | Snake:2  | Bought a potion of mutation for 112 gold pieces
 30132 | Snake:2  | 30132 ||| SHOPLISTING potion of resistance (140 gold, have
                  | 106).
 30138 | Snake:2  | 30138 ||| SHOPLISTING ring of resist corrosion (320 gold,
                  | have 106).
 30487 | Snake:2  | 30487 ||| UPGRADING to +2 helmet of see invisible.
 30497 | Snake:2  | 30497 ||| DROPPING +2 helmet.
 30519 | Snake:3  | 30519 ||| INVOKING Heroism.
 30550 | Snake:3  | 30550 ||| Stepping ~*~*~tactically~*~*~ (hiding).
 30562 | Snake:3  | Reached skill level 18 in Axes
 30672 | Snake:3  | 30672 ||| Stepping ~*~*~tactically~*~*~ (stealth).
 30711 | Snake:3  | Identified the +0 leather armour of Fortification {rElec
                  | Str+3 SInv}
 30722 | Snake:3  | 30722 ||| Stepping ~*~*~tactically~*~*~ (hiding).
 30725 | Snake:3  | 30725 ||| INVOKING Heroism.
 30758 | Snake:3  | 30758 ||| Stepping ~*~*~tactically~*~*~ (hiding).
 30877 | Snake:3  | 30877 ||| Stepping ~*~*~tactically~*~*~ (hiding).
 30887 | Snake:3  | 30887 ||| INVOKING Heroism.
 30894 | Snake:3  | Reached XP level 18. HP: 114/114 MP: 25/25
 30947 | Snake:3  | Noticed Vashnia
 30948 | Snake:3  | 30948 ||| Stepping ~*~*~tactically~*~*~ (hiding).
 30954 | Snake:3  | 30954 ||| INVOKING Heroism.
 30960 | Snake:3  | 30960 ||| Stepping ~*~*~tactically~*~*~ (hiding).
 30976 | Snake:3  | Reached skill level 6 in Dodging
 30997 | Snake:3  | Killed Vashnia
 31027 | Snake:3  | 31027 ||| Stepping ~*~*~tactically~*~*~ (hiding).
 31037 | Snake:3  | 31037 ||| INVOKING Heroism.
 31109 | Snake:3  | 31109 ||| Stepping ~*~*~tactically~*~*~ (hiding).
 31115 | Snake:3  | 31115 ||| INVOKING Heroism.
 31121 | Snake:3  | 31121 ||| Stepping ~*~*~tactically~*~*~ (stealth).
 31126 | Snake:3  | 31126 ||| Stepping ~*~*~tactically~*~*~ (hiding).
 31321 | Snake:3  | Found a basalt altar of Yredelemnul.
 31327 | Snake:3  | 31327 ||| PLANNING SWAMP:4
 31479 | Swamp:4  | Entered Level 4 of the Swamp
 31504 | Swamp:4  | 31504 ||| INVOKING Heroism.
 31510 | Swamp:4  | 31510 ||| INVOKING Finesse.
 31550 | Swamp:4  | 31550 ||| Stepping ~*~*~tactically~*~*~ (hiding).
 31551 | Swamp:4  | 31551 ||| Stepping ~*~*~tactically~*~*~ (hiding).
 31620 | Swamp:4  | 31620 ||| Stepping ~*~*~tactically~*~*~ (hiding).
 31727 | Swamp:4  | 31727 ||| Stepping ~*~*~tactically~*~*~ (hiding).
 31730 | Swamp:4  | 31730 ||| INVOKING Heroism.
 31767 | Swamp:4  | 31767 ||| Stepping ~*~*~tactically~*~*~ (hiding).
 31768 | Swamp:4  | 31768 ||| Stepping ~*~*~tactically~*~*~ (hiding).
 31891 | Swamp:4  | 31891 ||| INVOKING Heroism.
 31908 | Swamp:4  | Reached skill level 14 in Fighting
 31977 | Swamp:4  | 31977 ||| Stepping ~*~*~tactically~*~*~ (stealth).
 31994 | Swamp:4  | 31994 ||| INVOKING Heroism.
 31995 | Swamp:4  | 31995 ||| INVOKING Finesse.
 32031 | Swamp:4  | Reached skill level 18 in Shields
 32088 | Swamp:4  | 32088 ||| Stepping ~*~*~tactically~*~*~ (hiding).
 32089 | Swamp:4  | 32089 ||| Stepping ~*~*~tactically~*~*~ (hiding).
 32092 | Swamp:4  | 32092 ||| INVOKING Heroism.
 32101 | Swamp:4  | Identified the +22 crystal plate armour of Huihih {rC-
                  | Str+3 Dex+2 Slay+3} (Okawaru gifted it to you on level 4 of
                  | the Swamp)
 32101 | Swamp:4  | Received a gift from Okawaru
 32103 | Swamp:4  | 32103 ||| Stepping ~*~*~tactically~*~*~ (cloud).
 32119 | Swamp:4  | Noticed a bone dragon
 32137 | Swamp:4  | Killed a bone dragon
 32149 | Swamp:4  | 32149 ||| Stepping ~*~*~tactically~*~*~ (cloud).
 32165 | Swamp:4  | Got a decaying rune of Zot
 32353 | Swamp:4  | 32353 ||| FLEEEEING.
 32354 | Swamp:4  | 32354 ||| FLEEEEING.
 32355 | Swamp:4  | 32355 ||| FLEEEEING.
 32356 | Swamp:4  | 32356 ||| FLEEEEING.
 32359 | Swamp:4  | 32359 ||| FLEEEEING.
 32360 | Swamp:4  | 32360 ||| FLEEEEING.
 32361 | Swamp:4  | 32361 ||| STAIRDANCE
 32390 | Swamp:3  | 32390 ||| DROPPING +3 plate armour.
 32391 | Swamp:3  | 32391 ||| DROPPING +4 chain mail of cold resistance.
 32392 | Swamp:3  | 32392 ||| UPGRADING to +22 crystal plate armour of Huihih
                  | {rC- Str+3 Dex+2 Slay+3}.
 32402 | Swamp:3  | 32402 ||| DROPPING +0 plate armour of Wasted Space
                  | {Will++}.
 32403 | Swamp:3  | 32403 ||| DROPPING +0 plate armour of fire resistance.
 32404 | Swamp:3  | 32404 ||| DROPPING +2 pair of gloves.
 32405 | Swamp:3  | 32405 ||| UPGRADING to ring of protection from cold.
 32458 | Swamp:4  | 32458 ||| INVOKING Heroism.
 32459 | Swamp:4  | 32459 ||| STAIRDANCE
 32544 | Swamp:4  | 32544 ||| Stepping ~*~*~tactically~*~*~ (hiding).
 32545 | Swamp:4  | 32545 ||| Stepping ~*~*~tactically~*~*~ (hiding).
 32706 | Swamp:4  | 32706 ||| PLANNING VAULTS:1-4
 33017 | Vaults:1 | Entered Level 1 of the Vaults
 33049 | Vaults:1 | 33049 ||| INVOKING Heroism.
 33187 | Vaults:1 | 33187 ||| Stepping ~*~*~tactically~*~*~ (stealth).
 33214 | Vaults:1 | 33214 ||| Stepping ~*~*~tactically~*~*~ (hiding).
 33219 | Vaults:1 | 33219 ||| INVOKING Heroism.
 33249 | Vaults:1 | 33249 ||| Stepping ~*~*~tactically~*~*~ (stealth).
 33254 | Vaults:1 | 33254 ||| Stepping ~*~*~tactically~*~*~ (stealth).
 33265 | Vaults:1 | 33265 ||| Stepping ~*~*~tactically~*~*~ (stealth).
 33312 | Vaults:1 | 33312 ||| INVOKING Heroism.
 33616 | Vaults:1 | Reached skill level 15 in Armour
 33637 | Vaults:1 | 33637 ||| INVOKING Heroism.
 33645 | Vaults:1 | Reached XP level 19. HP: 121/122 MP: 26/26
 33649 | Vaults:1 | Received a gift from Okawaru
 33867 | Vaults:1 | 33867 ||| Stepping ~*~*~tactically~*~*~ (hiding).
 33868 | Vaults:1 | 33868 ||| INVOKING Heroism.
 33870 | Vaults:1 | 33870 ||| INVOKING Finesse.
 33888 | Vaults:1 | Identified the +2 kite shield of Beyond {Contam rElec rC+
                  | Dex+3} (Okawaru gifted it to you on level 1 of the Vaults)
 33888 | Vaults:1 | Received a gift from Okawaru
 33944 | Vaults:1 | 33944 ||| Stepping ~*~*~tactically~*~*~ (hiding).
 33945 | Vaults:1 | 33945 ||| INVOKING Heroism.
 34032 | Vaults:1 | 34032 ||| Stepping ~*~*~tactically~*~*~ (hiding).
 34283 | Vaults:1 | 34283 ||| INVOKING Heroism.
 34301 | Vaults:1 | Reached skill level 15 in Fighting
 34389 | Vaults:1 | 34389 ||| Stepping ~*~*~tactically~*~*~ (hiding).
 34416 | Vaults:1 | 34416 ||| Stepping ~*~*~tactically~*~*~ (stealth).
 34723 | Vaults:2 | 34723 ||| Stepping ~*~*~tactically~*~*~ (hiding).
 34725 | Vaults:2 | 34725 ||| Stepping ~*~*~tactically~*~*~ (hiding).
 34727 | Vaults:2 | 34727 ||| Stepping ~*~*~tactically~*~*~ (hiding).
 34733 | Vaults:2 | 34733 ||| INVOKING Heroism.
 34746 | Vaults:2 | 34746 ||| Stepping ~*~*~tactically~*~*~ (stealth).
 34751 | Vaults:2 | 34751 ||| STAIRDANCE
 34762 | Vaults:2 | 34762 ||| STAIRDANCE
 34790 | Vaults:2 | 34790 ||| Stepping ~*~*~tactically~*~*~ (stealth).
 34795 | Vaults:2 | 34795 ||| INVOKING Heroism.
 34817 | Vaults:2 | 34817 ||| Stepping ~*~*~tactically~*~*~ (hiding).
 34818 | Vaults:2 | 34818 ||| Stepping ~*~*~tactically~*~*~ (hiding).
 34819 | Vaults:2 | 34819 ||| Stepping ~*~*~tactically~*~*~ (hiding).
 34957 | Vaults:2 | 34957 ||| Stepping ~*~*~tactically~*~*~ (hiding).
 34998 | Vaults:2 | Reached skill level 18 in Armour
 35017 | Vaults:2 | 35017 ||| Stepping ~*~*~tactically~*~*~ (hiding).
 35018 | Vaults:2 | 35018 ||| Stepping ~*~*~tactically~*~*~ (hiding).
 35019 | Vaults:2 | 35019 ||| Stepping ~*~*~tactically~*~*~ (hiding).
 35020 | Vaults:2 | 35020 ||| Stepping ~*~*~tactically~*~*~ (hiding).
 35023 | Vaults:2 | 35023 ||| INVOKING Heroism.
 35026 | Vaults:2 | 35026 ||| Stepping ~*~*~tactically~*~*~ (hiding).
 35028 | Vaults:2 | 35028 ||| Stepping ~*~*~tactically~*~*~ (hiding).
 35065 | Vaults:2 | 35065 ||| Stepping ~*~*~tactically~*~*~ (hiding).
 35071 | Vaults:2 | 35071 ||| DRINKING 22 potions of curing.
 35071 | Vaults:2 | 35071 ||| (to cure confusion)
 35227 | Vaults:2 | 35227 ||| INVOKING Heroism.
 35233 | Vaults:2 | 35233 ||| INVOKING Finesse.
 35303 | Vaults:2 | Found a staircase to the Crypt.
 35303 | Vaults:2 | Found an ancient bone altar of Kikubaaqudgha.
 35303 | Vaults:2 | Found a basalt altar of Yredelemnul.
 35401 | Vaults:2 | 35401 ||| INVOKING Heroism.
 35408 | Vaults:2 | Received a gift from Okawaru
 35420 | Vaults:2 | 35420 ||| Stepping ~*~*~tactically~*~*~ (hiding).
 35582 | Vaults:2 | 35582 ||| Stepping ~*~*~tactically~*~*~ (hiding).
 35583 | Vaults:2 | 35583 ||| Stepping ~*~*~tactically~*~*~ (hiding).
 35584 | Vaults:2 | 35584 ||| Stepping ~*~*~tactically~*~*~ (hiding).
 35585 | Vaults:2 | 35585 ||| Stepping ~*~*~tactically~*~*~ (hiding).
 35586 | Vaults:2 | 35586 ||| INVOKING Heroism.
 35646 | Vaults:2 | 35646 ||| INVOKING Heroism.
 35650 | Vaults:2 | Reached XP level 20. HP: 130/130 MP: 27/27
 35692 | Vaults:2 | 35692 ||| Stepping ~*~*~tactically~*~*~ (hiding).
 35739 | Vaults:2 | 35739 ||| Stepping ~*~*~tactically~*~*~ (hiding).
 35784 | Vaults:2 | 35784 ||| INVOKING Heroism.
 35792 | Vaults:2 | Reached skill level 16 in Fighting
 35795 | Abyss:3  | Cast into level 3 of the Abyss (a wizard)
 35817 | Abyss:3  | 35817 ||| INVOKING Finesse.
 35856 | Abyss:3  | 35856 ||| Stepping ~*~*~tactically~*~*~ (stealth).
 35857 | Abyss:3  | 35857 ||| Stepping ~*~*~tactically~*~*~ (stealth).
 35873 | Abyss:3  | 35873 ||| Stepping ~*~*~tactically~*~*~ (hiding).
 35874 | Abyss:3  | 35874 ||| Stepping ~*~*~tactically~*~*~ (hiding).
 35875 | Abyss:3  | 35875 ||| Stepping ~*~*~tactically~*~*~ (hiding).
 35890 | Abyss:3  | 35890 ||| Stepping ~*~*~tactically~*~*~ (hiding).
 35901 | Abyss:3  | 35901 ||| Stepping ~*~*~tactically~*~*~ (stealth).
 35902 | Abyss:3  | 35902 ||| Stepping ~*~*~tactically~*~*~ (stealth).
 35942 | Abyss:3  | 35942 ||| Stepping ~*~*~tactically~*~*~ (hiding).
 35944 | Abyss:3  | 35944 ||| Stepping ~*~*~tactically~*~*~ (hiding).
 36005 | Abyss:3  | 36005 ||| Stepping ~*~*~tactically~*~*~ (stealth).
 36032 | Abyss:3  | 36032 ||| INVOKING Heroism.
 36044 | Abyss:3  | 36044 ||| Stepping ~*~*~tactically~*~*~ (stealth).
 36056 | Abyss:3  | 36056 ||| Stepping ~*~*~tactically~*~*~ (stealth).
 36058 | Abyss:3  | 36058 ||| Stepping ~*~*~tactically~*~*~ (hiding).
 36074 | Abyss:3  | 36074 ||| INVOKING Heroism.
 36085 | Abyss:3  | 36085 ||| Stepping ~*~*~tactically~*~*~ (stealth).
 36086 | Abyss:3  | 36086 ||| Stepping ~*~*~tactically~*~*~ (stealth).
 36088 | Abyss:3  | 36088 ||| Stepping ~*~*~tactically~*~*~ (stealth).
 36090 | Abyss:3  | 36090 ||| Stepping ~*~*~tactically~*~*~ (stealth).
 36091 | Abyss:3  | 36091 ||| Stepping ~*~*~tactically~*~*~ (stealth).
 36094 | Abyss:3  | 36094 ||| Stepping ~*~*~tactically~*~*~ (hiding).
 36113 | Abyss:3  | 36113 ||| Stepping ~*~*~tactically~*~*~ (hiding).
 36129 | Abyss:3  | 36129 ||| INVOKING Heroism.
 36152 | Abyss:3  | 36152 ||| Stepping ~*~*~tactically~*~*~ (stealth).
 36159 | Abyss:3  | 36159 ||| Stepping ~*~*~tactically~*~*~ (stealth).
 36162 | Abyss:3  | 36162 ||| Stepping ~*~*~tactically~*~*~ (hiding).
 36175 | Abyss:3  | 36175 ||| Stepping ~*~*~tactically~*~*~ (stealth).
 36177 | Abyss:3  | 36177 ||| Stepping ~*~*~tactically~*~*~ (stealth).
 36178 | Abyss:3  | 36178 ||| Stepping ~*~*~tactically~*~*~ (stealth).
 36179 | Abyss:3  | 36179 ||| Stepping ~*~*~tactically~*~*~ (stealth).
 36180 | Abyss:3  | 36180 ||| Stepping ~*~*~tactically~*~*~ (hiding).
 36183 | Abyss:3  | 36183 ||| Stepping ~*~*~tactically~*~*~ (hiding).
 36184 | Abyss:3  | 36184 ||| INVOKING Heroism.
 36195 | Abyss:3  | 36195 ||| Stepping ~*~*~tactically~*~*~ (stealth).
 36197 | Vaults:2 | Escaped the Abyss
 36237 | Vaults:2 | 36237 ||| Stepping ~*~*~tactically~*~*~ (stealth).
 36256 | Vaults:2 | Found Weemp's Weapon Shop.
 36692 | Vaults:3 | Found the +3 pair of seven-league boots {Rampage+∞}
 36693 | Vaults:3 | 36693 ||| STAIRDANCE
 36701 | Vaults:3 | 36701 ||| STAIRDANCE
 36721 | Vaults:3 | 36721 ||| Stepping ~*~*~tactically~*~*~ (hiding).
 36875 | Vaults:3 | 36875 ||| Stepping ~*~*~tactically~*~*~ (stealth).
 37050 | Vaults:3 | 37050 ||| Stepping ~*~*~tactically~*~*~ (hiding).
 37052 | Vaults:3 | 37052 ||| Stepping ~*~*~tactically~*~*~ (hiding).
 37054 | Vaults:3 | 37054 ||| Stepping ~*~*~tactically~*~*~ (hiding).
 37149 | Vaults:3 | 37149 ||| Stepping ~*~*~tactically~*~*~ (hiding).
 37151 | Vaults:3 | Identified the +4 plate armour "Imorun" {Will+ MP+9 Dex+2}
                  | (Okawaru gifted it to you on level 3 of the Vaults)
 37151 | Vaults:3 | Received a gift from Okawaru
 37161 | Vaults:3 | 37161 ||| INVOKING Heroism.
 37172 | Vaults:3 | 37172 ||| Stepping ~*~*~tactically~*~*~ (hiding).
 37185 | Vaults:3 | 37185 ||| INVOKING Heroism.
 37189 | Vaults:3 | Reached skill level 17 in Fighting
 37189 | Vaults:3 | 37189 ||| Stepping ~*~*~tactically~*~*~ (hiding).
 37208 | Vaults:3 | 37208 ||| INVOKING Heroism.
 37212 | Vaults:3 | 37212 ||| Stepping ~*~*~tactically~*~*~ (hiding).
 37258 | Vaults:3 | 37258 ||| Stepping ~*~*~tactically~*~*~ (hiding).
 37287 | Vaults:3 | 37287 ||| Stepping ~*~*~tactically~*~*~ (hiding).
 37486 | Vaults:3 | 37486 ||| INVOKING Heroism.
 37533 | Vaults:3 | 37533 ||| Stepping ~*~*~tactically~*~*~ (hiding).
 37572 | Vaults:3 | 37572 ||| Stepping ~*~*~tactically~*~*~ (hiding).
 37581 | Vaults:3 | 37581 ||| Stepping ~*~*~tactically~*~*~ (hiding).
 37598 | Vaults:3 | 37598 ||| Stepping ~*~*~tactically~*~*~ (hiding).
 37599 | Vaults:3 | 37599 ||| Stepping ~*~*~tactically~*~*~ (hiding).
 37602 | Vaults:3 | 37602 ||| INVOKING Heroism.
 37895 | Vaults:3 | 37895 ||| Stepping ~*~*~tactically~*~*~ (stealth).
 37898 | Vaults:3 | 37898 ||| Stepping ~*~*~tactically~*~*~ (stealth).
 37918 | Vaults:3 | 37918 ||| Stepping ~*~*~tactically~*~*~ (stealth).
 38016 | Vaults:3 | 38016 ||| Stepping ~*~*~tactically~*~*~ (hiding).
 38017 | Vaults:3 | 38017 ||| Stepping ~*~*~tactically~*~*~ (hiding).
 38058 | Vaults:3 | 38058 ||| Stepping ~*~*~tactically~*~*~ (hiding).
 38234 | Vaults:3 | 38234 ||| FLEEEEING.
 38236 | Vaults:3 | 38236 ||| FLEEEEING.
 38237 | Vaults:3 | 38237 ||| FLEEEEING.
 38238 | Vaults:3 | 38238 ||| FLEEEEING.
 38239 | Vaults:3 | 38239 ||| FLEEEEING.
 38240 | Vaults:3 | 38240 ||| FLEEEEING.
 38242 | Vaults:3 | 38242 ||| FLEEEEING.
 38243 | Vaults:3 | 38243 ||| FLEEEEING.
 38244 | Vaults:3 | 38244 ||| FLEEEEING.
 38245 | Vaults:3 | 38245 ||| FLEEEEING.
 38249 | Vaults:3 | 38249 ||| FLEEEEING.
 38250 | Vaults:3 | 38250 ||| FLEEEEING.
 38251 | Vaults:3 | 38251 ||| FLEEEEING.
 38252 | Vaults:3 | 38252 ||| FLEEEEING.
 38253 | Vaults:3 | 38253 ||| FLEEEEING.
 38254 | Vaults:3 | 38254 ||| FLEEEEING.
 38255 | Vaults:3 | 38255 ||| FLEEEEING.
 38256 | Vaults:3 | 38256 ||| FLEEEEING.
 38257 | Vaults:3 | 38257 ||| FLEEEEING.
 38258 | Vaults:3 | 38258 ||| FLEEEEING.
 38259 | Vaults:3 | 38259 ||| FLEEEEING.
 38264 | Vaults:3 | 38264 ||| FLEEEEING.
 38265 | Vaults:3 | 38265 ||| FLEEEEING.
 38266 | Vaults:3 | 38266 ||| FLEEEEING.
 38267 | Vaults:3 | 38267 ||| FLEEEEING.
 38268 | Vaults:3 | 38268 ||| FLEEEEING.
 38269 | Vaults:3 | 38269 ||| FLEEEEING.
 38270 | Vaults:3 | 38270 ||| FLEEEEING.
 38271 | Vaults:3 | 38271 ||| FLEEEEING.
 38272 | Vaults:3 | 38272 ||| FLEEEEING.
 38273 | Vaults:3 | 38273 ||| FLEEEEING.
 38276 | Vaults:3 | 38276 ||| FLEEEEING.
 38277 | Vaults:3 | 38277 ||| FLEEEEING.
 38278 | Vaults:3 | 38278 ||| FLEEEEING.
 38279 | Vaults:3 | 38279 ||| FLEEEEING.
 38280 | Vaults:3 | 38280 ||| FLEEEEING.
 38281 | Vaults:3 | 38281 ||| FLEEEEING.
 38287 | Vaults:3 | 38287 ||| STAIRDANCE
 38389 | Vaults:2 | 38389 ||| UPGRADING to +3 pair of seven-league boots
                  | {Rampage+∞}.
 38399 | Vaults:2 | 38399 ||| DROPPING +2 pair of boots.
 38402 | Vaults:3 | 38402 ||| STAIRDANCE
 38552 | Vaults:3 | 38552 ||| INVOKING Heroism.
 38554 | Vaults:3 | Reached XP level 21. HP: 139/139 MP: 28/28
 38770 | Vaults:4 | 38770 ||| Stepping ~*~*~tactically~*~*~ (hiding).
 38951 | Vaults:4 | 38951 ||| Stepping ~*~*~tactically~*~*~ (hiding).
 39061 | Vaults:4 | Noticed Boris
 39062 | Vaults:4 | 39062 ||| INVOKING Heroism.
 39063 | Vaults:4 | 39063 ||| INVOKING Finesse.
 39071 | Vaults:4 | Killed Boris
 39110 | Vaults:4 | 39110 ||| Stepping ~*~*~tactically~*~*~ (hiding).
 39227 | Vaults:4 | 39227 ||| INVOKING Heroism.
 39228 | Vaults:4 | 39228 ||| Stepping ~*~*~tactically~*~*~ (hiding).
 39234 | Vaults:4 | Identified the +2 pair of boots "Yssas" {+Blink rElec
                  | Int+4} (Okawaru gifted it to you on level 4 of the Vaults)
 39234 | Vaults:4 | Received a gift from Okawaru
 39244 | Vaults:4 | 39244 ||| Stepping ~*~*~tactically~*~*~ (hiding).
 39245 | Vaults:4 | 39245 ||| Stepping ~*~*~tactically~*~*~ (hiding).
 39247 | Vaults:4 | 39247 ||| Stepping ~*~*~tactically~*~*~ (hiding).
 39271 | Vaults:4 | Reached skill level 18 in Fighting
 39427 | Vaults:4 | 39427 ||| Stepping ~*~*~tactically~*~*~ (stealth).
 39469 | Vaults:4 | 39469 ||| INVOKING Heroism.
 39470 | Vaults:4 | 39470 ||| INVOKING Finesse.
 39500 | Vaults:4 | 39500 ||| Stepping ~*~*~tactically~*~*~ (stealth).
 39502 | Vaults:4 | 39502 ||| INVOKING Heroism.
 39504 | Vaults:4 | 39504 ||| INVOKING Finesse.
 39611 | Vaults:4 | 39611 ||| Stepping ~*~*~tactically~*~*~ (hiding).
 39651 | Vaults:4 | 39651 ||| INVOKING Heroism.
 39667 | Vaults:4 | Noticed Mara
 39668 | Vaults:4 | 39668 ||| Stepping ~*~*~tactically~*~*~ (stealth).
 39670 | Vaults:4 | 39670 ||| Stepping ~*~*~tactically~*~*~ (stealth).
 39672 | Vaults:4 | 39672 ||| Stepping ~*~*~tactically~*~*~ (hiding).
 39678 | Vaults:4 | 39678 ||| INVOKING Finesse.
 39683 | Vaults:4 | Noticed qw's illusion
 39692 | Vaults:4 | Killed Mara
 39694 | Vaults:4 | 39694 ||| Stepping ~*~*~tactically~*~*~ (stealth).
 39745 | Vaults:4 | 39745 ||| INVOKING Heroism.
 39761 | Vaults:4 | 39761 ||| Stepping ~*~*~tactically~*~*~ (hiding).
 39764 | Vaults:4 | 39764 ||| INVOKING Heroism.
 39765 | Vaults:4 | 39765 ||| Stepping ~*~*~tactically~*~*~ (hiding).
 39842 | Vaults:4 | 39842 ||| Stepping ~*~*~tactically~*~*~ (stealth).
 39929 | Vaults:4 | 39929 ||| DROPPING +2 pair of boots "Yssas" {+Blink rElec
                  | Int+4}.
 39930 | Vaults:4 | 39930 ||| READING 3 scrolls of teleportation.
 39931 | Vaults:4 | 39931 ||| FLEEEEING.
 39932 | Vaults:4 | 39932 ||| FLEEEEING.
 39933 | Vaults:4 | 39933 ||| FLEEEEING.
 39941 | Vaults:4 | 39941 ||| INVOKING Heroism.
 39973 | Vaults:4 | 39973 ||| Stepping ~*~*~tactically~*~*~ (hiding).
 40005 | Vaults:4 | 40005 ||| Stepping ~*~*~tactically~*~*~ (hiding).
 40007 | Vaults:4 | 40007 ||| Stepping ~*~*~tactically~*~*~ (hiding).
 40127 | Vaults:4 | 40127 ||| Stepping ~*~*~tactically~*~*~ (stealth).
 40131 | Vaults:4 | 40131 ||| Stepping ~*~*~tactically~*~*~ (stealth).
 40132 | Vaults:4 | 40132 ||| Stepping ~*~*~tactically~*~*~ (stealth).
 40135 | Vaults:4 | 40135 ||| Stepping ~*~*~tactically~*~*~ (stealth).
 40137 | Vaults:4 | 40137 ||| Stepping ~*~*~tactically~*~*~ (hiding).
 40138 | Vaults:4 | 40138 ||| Stepping ~*~*~tactically~*~*~ (hiding).
 40249 | Vaults:4 | 40249 ||| Stepping ~*~*~tactically~*~*~ (stealth).
 40277 | Vaults:4 | 40277 ||| FLEEEEING.
 40278 | Vaults:4 | 40278 ||| FLEEEEING.
 40279 | Vaults:4 | 40279 ||| FLEEEEING.
 40280 | Vaults:4 | 40280 ||| FLEEEEING.
 40281 | Vaults:4 | 40281 ||| FLEEEEING.
 40282 | Vaults:4 | 40282 ||| FLEEEEING.
 40283 | Vaults:4 | 40283 ||| FLEEEEING.
 40284 | Vaults:4 | 40284 ||| FLEEEEING.
 40285 | Vaults:4 | 40285 ||| FLEEEEING.
 40286 | Vaults:4 | 40286 ||| FLEEEEING.
 40287 | Vaults:4 | 40287 ||| FLEEEEING.
 40288 | Vaults:4 | 40288 ||| FLEEEEING.
 40289 | Vaults:4 | 40289 ||| FLEEEEING.
 40290 | Vaults:4 | 40290 ||| FLEEEEING.
 40291 | Vaults:4 | 40291 ||| FLEEEEING.
 40292 | Vaults:4 | 40292 ||| FLEEEEING.
 40307 | Vaults:4 | 40307 ||| FLEEEEING.
 40308 | Vaults:4 | 40308 ||| FLEEEEING.
 40309 | Vaults:4 | 40309 ||| FLEEEEING.
 40311 | Vaults:4 | 40311 ||| FLEEEEING.
 40312 | Vaults:4 | 40312 ||| FLEEEEING.
 40313 | Vaults:4 | 40313 ||| FLEEEEING.
 40314 | Vaults:4 | 40314 ||| FLEEEEING.
 40315 | Vaults:4 | 40315 ||| FLEEEEING.
 40316 | Vaults:4 | 40316 ||| FLEEEEING.
 40318 | Vaults:4 | 40318 ||| FLEEEEING.
 40319 | Vaults:4 | 40319 ||| FLEEEEING.
 40323 | Vaults:4 | 40323 ||| FLEEEEING.
 40324 | Vaults:4 | 40324 ||| FLEEEEING.
 40325 | Vaults:4 | 40325 ||| FLEEEEING.
 40326 | Vaults:4 | 40326 ||| FLEEEEING.
 40327 | Vaults:4 | 40327 ||| FLEEEEING.
 40328 | Vaults:4 | 40328 ||| Stepping ~*~*~tactically~*~*~ (hiding).
 40329 | Vaults:4 | 40329 ||| FLEEEEING.
 40330 | Vaults:4 | 40330 ||| Stepping ~*~*~tactically~*~*~ (hiding).
 40331 | Vaults:4 | 40331 ||| FLEEEEING.
 40332 | Vaults:4 | 40332 ||| Stepping ~*~*~tactically~*~*~ (hiding).
 40333 | Vaults:4 | 40333 ||| FLEEEEING.
 40335 | Vaults:4 | 40335 ||| FLEEEEING.
 40361 | Vaults:4 | 40361 ||| FLEEEEING.
 40362 | Vaults:4 | 40362 ||| FLEEEEING.
 40363 | Vaults:4 | 40363 ||| FLEEEEING.
 40364 | Vaults:4 | 40364 ||| FLEEEEING.
 40365 | Vaults:4 | 40365 ||| FLEEEEING.
 40366 | Vaults:4 | 40366 ||| FLEEEEING.
 40367 | Vaults:4 | 40367 ||| FLEEEEING.
 40368 | Vaults:4 | 40368 ||| FLEEEEING.
 40369 | Vaults:4 | 40369 ||| FLEEEEING.
 40370 | Vaults:4 | 40370 ||| FLEEEEING.
 40372 | Vaults:4 | 40372 ||| FLEEEEING.
 40373 | Vaults:4 | 40373 ||| FLEEEEING.
 40374 | Vaults:4 | 40374 ||| FLEEEEING.
 40375 | Vaults:4 | 40375 ||| FLEEEEING.
 40376 | Vaults:4 | 40376 ||| FLEEEEING.
 40377 | Vaults:4 | 40377 ||| FLEEEEING.
 40378 | Vaults:4 | 40378 ||| FLEEEEING.
 40380 | Vaults:4 | 40380 ||| FLEEEEING.
 40381 | Vaults:4 | 40381 ||| FLEEEEING.
 40382 | Vaults:4 | 40382 ||| FLEEEEING.
 40383 | Vaults:4 | 40383 ||| FLEEEEING.
 40384 | Vaults:4 | 40384 ||| FLEEEEING.
 40385 | Vaults:4 | 40385 ||| FLEEEEING.
 40386 | Vaults:4 | 40386 ||| FLEEEEING.
 40387 | Vaults:4 | 40387 ||| FLEEEEING.
 40388 | Vaults:4 | 40388 ||| FLEEEEING.
 40389 | Vaults:4 | 40389 ||| FLEEEEING.
 40390 | Vaults:4 | 40390 ||| FLEEEEING.
 40391 | Vaults:4 | 40391 ||| FLEEEEING.
 40392 | Vaults:4 | 40392 ||| FLEEEEING.
 40393 | Vaults:4 | 40393 ||| FLEEEEING.
 40395 | Vaults:4 | 40395 ||| FLEEEEING.
 40396 | Vaults:4 | 40396 ||| FLEEEEING.
 40397 | Vaults:4 | 40397 ||| FLEEEEING.
 40398 | Vaults:4 | 40398 ||| STAIRDANCE
 40804 | Vaults:4 | 40804 ||| PLANNING SNAKE:4
 41201 | Snake:4  | Entered Level 4 of the Snake Pit
 41202 | Snake:4  | 41202 ||| Stepping ~*~*~tactically~*~*~ (hiding).
 41204 | Snake:4  | 41204 ||| STAIRDANCE
 41338 | Snake:4  | 41338 ||| Stepping ~*~*~tactically~*~*~ (hiding).
 41345 | Snake:4  | 41345 ||| INVOKING Heroism.
 41422 | Snake:4  | Found a runed translucent door.
 41422 | Snake:4  | Noticed Romunoh's ghost (adept SpBr)
 41430 | Snake:4  | 41430 ||| Stepping ~*~*~tactically~*~*~ (stealth).
 41431 | Snake:4  | 41431 ||| Stepping ~*~*~tactically~*~*~ (stealth).
 41620 | Snake:4  | 41620 ||| Stepping ~*~*~tactically~*~*~ (hiding).
 41621 | Snake:4  | 41621 ||| Stepping ~*~*~tactically~*~*~ (hiding).
 41644 | Snake:4  | 41644 ||| Stepping ~*~*~tactically~*~*~ (hiding).
 41677 | Snake:4  | 41677 ||| Stepping ~*~*~tactically~*~*~ (stealth).
 41759 | Snake:4  | 41759 ||| INVOKING Heroism.
 41774 | Snake:4  | 41774 ||| Stepping ~*~*~tactically~*~*~ (hiding).
 41782 | Snake:4  | 41782 ||| Stepping ~*~*~tactically~*~*~ (hiding).
 41787 | Snake:4  | 41787 ||| Stepping ~*~*~tactically~*~*~ (hiding).
 41791 | Snake:4  | Identified the +6 hand axe "Let Ozaizys" {vamp, *Noise
                  | rPois Str-4 Int+6} (Okawaru gifted it to you on level 4 of
                  | the Snake Pit)
 41791 | Snake:4  | Received a gift from Okawaru
 41825 | Snake:4  | 41825 ||| Stepping ~*~*~tactically~*~*~ (hiding).
 41826 | Snake:4  | 41826 ||| Stepping ~*~*~tactically~*~*~ (hiding).
 41831 | Snake:4  | 41831 ||| INVOKING Heroism.
 41845 | Snake:4  | Reached skill level 21 in Armour
 41871 | Snake:4  | 41871 ||| INVOKING Heroism.
 41964 | Snake:4  | Received a gift from Okawaru
 42082 | Snake:4  | Got a serpentine rune of Zot
 42217 | Snake:4  | 42217 ||| PLANNING DEPTHS
 42217 | Snake:4  | 42217 ||| UPGRADING to +1 tower shield of protection.
 42227 | Snake:4  | 42227 ||| DROPPING +0 tower shield of Virtue {MP+9 Int+3}.
 42596 | Depths:1 | Entered Level 1 of the Depths
 42599 | Depths:1 | 42599 ||| Stepping ~*~*~tactically~*~*~ (stealth).
 42603 | Depths:1 | 42603 ||| INVOKING Heroism.
 42612 | Depths:1 | Reached skill level 19 in Fighting
 42672 | Depths:1 | 42672 ||| Stepping ~*~*~tactically~*~*~ (hiding).
 42674 | Depths:1 | 42674 ||| INVOKING Heroism.
 42675 | Depths:1 | 42675 ||| INVOKING Finesse.
 42681 | Depths:1 | Reached XP level 22. HP: 147/149 MP: 22/29
 42739 | Depths:1 | Found a one-way gate leading to the halls of Pandemonium.
 42760 | Depths:1 | Found a shadowy altar of Dithmenos.
 42840 | Depths:1 | 42840 ||| Stepping ~*~*~tactically~*~*~ (hiding).
 42841 | Depths:1 | 42841 ||| Stepping ~*~*~tactically~*~*~ (hiding).
 42846 | Depths:1 | Received a gift from Okawaru
 43036 | Depths:1 | 43036 ||| Stepping ~*~*~tactically~*~*~ (stealth).
 43221 | Depths:1 | 43221 ||| Stepping ~*~*~tactically~*~*~ (hiding).
 43227 | Depths:1 | Found a gateway to Hell.
 43366 | Depths:1 | 43366 ||| Stepping ~*~*~tactically~*~*~ (stealth).
 43368 | Depths:1 | 43368 ||| Stepping ~*~*~tactically~*~*~ (stealth).
 43376 | Depths:1 | 43376 ||| INVOKING Heroism.
 43750 | Depths:1 | Found a one-way gate to the infinite horrors of the Abyss.
 43789 | Depths:1 | Paralysed by a floating eye for 2 turns
 44017 | Depths:2 | 44017 ||| Stepping ~*~*~tactically~*~*~ (hiding).
 44057 | Depths:2 | 44057 ||| INVOKING Finesse.
 44063 | Depths:2 | 44063 ||| Stepping ~*~*~tactically~*~*~ (stealth).
 44075 | Depths:2 | Received a gift from Okawaru
 44094 | Depths:2 | 44094 ||| Stepping ~*~*~tactically~*~*~ (stealth).
 44136 | Depths:2 | 44136 ||| Stepping ~*~*~tactically~*~*~ (hiding).
 44156 | Depths:2 | 44156 ||| Stepping ~*~*~tactically~*~*~ (stealth).
 44182 | Depths:2 | Reached skill level 9 in Throwing
 44201 | Depths:2 | 44201 ||| READING scroll of acquirement.
 44201 | Depths:2 | 44201 ||| ACQUIRING +7 broad axe "Refryrch" {spect, Contam
                  | rElec Str+6 Int+3}
 44201 | Depths:2 | Acquired the +7 broad axe "Refryrch" {spect, Contam rElec
                  | Str+6 Int+3}
 44203 | Depths:2 | 44203 ||| SWAPPING to +7 broad axe "Refryrch" {spect,
                  | Contam rElec Str+6 Int+3}.
 44204 | Depths:2 | 44204 ||| DROPPING +9 broad axe of flaming.
 44220 | Depths:2 | 44220 ||| INVOKING Heroism.
 44237 | Depths:2 | 44237 ||| Stepping ~*~*~tactically~*~*~ (stealth).
 44239 | Depths:2 | 44239 ||| Stepping ~*~*~tactically~*~*~ (hiding).
 44243 | Depths:2 | 44243 ||| Stepping ~*~*~tactically~*~*~ (hiding).
 44249 | Depths:2 | 44249 ||| INVOKING Finesse.
 44266 | Depths:2 | 44266 ||| Stepping ~*~*~tactically~*~*~ (stealth).
 44366 | Depths:2 | 44366 ||| FLEEEEING.
 44367 | Depths:2 | 44367 ||| FLEEEEING.
 44434 | Depths:2 | 44434 ||| Stepping ~*~*~tactically~*~*~ (hiding).
 44440 | Depths:2 | 44440 ||| INVOKING Heroism.
 44448 | Depths:2 | Paralysed by a wendigo for 1 turns
 44457 | Depths:2 | 44457 ||| INVOKING Finesse.
 44459 | Depths:2 | Noticed a shard shrike
 44459 | Depths:2 | Noticed a shard shrike
 44459 | Depths:2 | Noticed a shard shrike
 44464 | Depths:2 | Killed a shard shrike
 44466 | Depths:2 | Killed a shard shrike
 44469 | Depths:2 | Killed a shard shrike
 44479 | Depths:2 | 44479 ||| DRINKING 29 potions of curing.
 44479 | Depths:2 | 44479 ||| (to cure confusion)
 44484 | Depths:2 | HP: 37/149 [white very ugly thing (17)]
 44485 | Depths:2 | 44485 ||| READING 4 scrolls of teleportation.
 44486 | Depths:2 | 44486 ||| DRINKING 11 potions of heal wounds.
 44491 | Depths:2 | HP: 34/149 [white very ugly thing[an orange crystal statue]
                  | (13)]
 44491 | Depths:2 | HP: 10/149 [white very ugly thing[an orange crystal statue]
                  | (24)]
 44492 | Depths:2 | 44492 ||| DRINKING 10 potions of heal wounds.
 44496 | Depths:2 | 44496 ||| FLEEEEING.
 44497 | Depths:2 | 44497 ||| FLEEEEING.
 44502 | Depths:2 | 44502 ||| FLEEEEING.
 44503 | Depths:2 | 44503 ||| FLEEEEING.
 44504 | Depths:2 | 44504 ||| FLEEEEING.
 44512 | Depths:2 | 44512 ||| FLEEEEING.
 44515 | Depths:2 | 44515 ||| FLEEEEING.
 44516 | Depths:2 | 44516 ||| FLEEEEING.
 44517 | Depths:2 | 44517 ||| FLEEEEING.
 44518 | Depths:2 | 44518 ||| FLEEEEING.
 44519 | Depths:2 | 44519 ||| STAIRDANCE
 44602 | Depths:2 | 44602 ||| INVOKING Heroism.
 44603 | Depths:2 | 44603 ||| Stepping ~*~*~tactically~*~*~ (stealth).
 44604 | Depths:2 | 44604 ||| Stepping ~*~*~tactically~*~*~ (stealth).
 44605 | Depths:2 | 44605 ||| INVOKING Finesse.
 44606 | Depths:2 | 44606 ||| Stepping ~*~*~tactically~*~*~ (stealth).
 44614 | Depths:2 | 44614 ||| Stepping ~*~*~tactically~*~*~ (stealth).
 44643 | Depths:2 | 44643 ||| INVOKING Heroism.
 44663 | Depths:2 | 44663 ||| Stepping ~*~*~tactically~*~*~ (stealth).
 44665 | Depths:2 | 44665 ||| Stepping ~*~*~tactically~*~*~ (hiding).
 44692 | Depths:2 | 44692 ||| Stepping ~*~*~tactically~*~*~ (hiding).
 44693 | Depths:2 | 44693 ||| Stepping ~*~*~tactically~*~*~ (hiding).
 44834 | Depths:2 | 44834 ||| Stepping ~*~*~tactically~*~*~ (hiding).
 44978 | Depths:2 | 44978 ||| INVOKING Heroism.
 44979 | Depths:2 | 44979 ||| INVOKING Finesse.
 44988 | Depths:2 | 44988 ||| DRINKING 28 potions of curing.
 44988 | Depths:2 | 44988 ||| (to cure confusion)
 45331 | Depths:2 | 45331 ||| INVOKING Finesse.
 45335 | Depths:2 | 45335 ||| Stepping ~*~*~tactically~*~*~ (stealth).
 45337 | Depths:2 | Received a gift from Okawaru
 45379 | Depths:2 | 45379 ||| Stepping ~*~*~tactically~*~*~ (stealth).
 45380 | Depths:2 | 45380 ||| Stepping ~*~*~tactically~*~*~ (stealth).
 45382 | Depths:2 | 45382 ||| Stepping ~*~*~tactically~*~*~ (stealth).
 45383 | Depths:2 | 45383 ||| Stepping ~*~*~tactically~*~*~ (stealth).
 45385 | Depths:2 | 45385 ||| Stepping ~*~*~tactically~*~*~ (stealth).
 45392 | Depths:2 | 45392 ||| INVOKING Heroism.
 45393 | Depths:2 | 45393 ||| INVOKING Finesse.
 45394 | Depths:2 | 45394 ||| Stepping ~*~*~tactically~*~*~ (stealth).
 45418 | Depths:2 | 45418 ||| Stepping ~*~*~tactically~*~*~ (stealth).
 45419 | Depths:2 | 45419 ||| Stepping ~*~*~tactically~*~*~ (stealth).
 45421 | Depths:2 | 45421 ||| Stepping ~*~*~tactically~*~*~ (stealth).
 45431 | Depths:2 | 45431 ||| Stepping ~*~*~tactically~*~*~ (stealth).
 45439 | Depths:2 | 45439 ||| Stepping ~*~*~tactically~*~*~ (stealth).
 45448 | Depths:2 | 45448 ||| INVOKING Heroism.
 45484 | Depths:2 | 45484 ||| Stepping ~*~*~tactically~*~*~ (hiding).
 45489 | Depths:2 | Received a gift from Okawaru
 45624 | Depths:2 | 45624 ||| INVOKING Heroism.
 45702 | Depths:2 | Paralysed by a floating eye for 3 turns
 45714 | Depths:2 | 45714 ||| Stepping ~*~*~tactically~*~*~ (hiding).
 45780 | Depths:2 | 45780 ||| READING 3 scrolls of teleportation.
 45782 | Depths:2 | 45782 ||| FLEEEEING.
 45783 | Depths:2 | 45783 ||| FLEEEEING.
 45784 | Depths:2 | 45784 ||| FLEEEEING.
 45802 | Depths:2 | 45802 ||| Stepping ~*~*~tactically~*~*~ (stealth).
 45803 | Depths:2 | 45803 ||| INVOKING Finesse.
 46117 | Depths:3 | Found Opucop's Antique Weapon Emporium.
 46155 | Depths:3 | 46155 ||| Stepping ~*~*~tactically~*~*~ (hiding).
 46264 | Depths:3 | Noticed Boris
 46265 | Depths:3 | 46265 ||| INVOKING Heroism.
 46266 | Depths:3 | 46266 ||| INVOKING Finesse.
 46273 | Depths:3 | Killed Boris
 46367 | Depths:3 | 46367 ||| Stepping ~*~*~tactically~*~*~ (hiding).
 46397 | Depths:3 | 46397 ||| INVOKING Heroism.
 46398 | Depths:3 | 46398 ||| INVOKING Finesse.
 46437 | Depths:3 | 46437 ||| Stepping ~*~*~tactically~*~*~ (hiding).
 46548 | Depths:3 | Paralysed by a Zot trap for 4 turns
 46578 | Depths:3 | 46578 ||| INVOKING Heroism.
 46579 | Depths:3 | 46579 ||| INVOKING Finesse.
 46673 | Depths:3 | 46673 ||| Stepping ~*~*~tactically~*~*~ (hiding).
 46780 | Depths:3 | 46780 ||| Stepping ~*~*~tactically~*~*~ (hiding).
 46789 | Depths:3 | Reached XP level 23. HP: 155/155 MP: 30/30
 46804 | Depths:3 | 46804 ||| Stepping ~*~*~tactically~*~*~ (hiding).
 46950 | Depths:3 | 46950 ||| Stepping ~*~*~tactically~*~*~ (hiding).
 46957 | Depths:3 | Received a gift from Okawaru
 47068 | Depths:3 | 47068 ||| INVOKING Heroism.
 47072 | Depths:3 | 47072 ||| Stepping ~*~*~tactically~*~*~ (hiding).
 47129 | Depths:3 | 47129 ||| INVOKING Heroism.
 47147 | Depths:3 | Identified the +1 dagger of Bygaoxt {antimagic, rElec
                  | Dex+3}
 47275 | Depths:3 | 47275 ||| Stepping ~*~*~tactically~*~*~ (hiding).
 47281 | Depths:3 | 47281 ||| INVOKING Heroism.
 47429 | Depths:3 | Found Kyimu's Book Emporium.
 47429 | Depths:3 | Found Cerudghe's Jewellery Boutique.
 47430 | Depths:3 | 47430 ||| INVOKING Heroism.
 47432 | Depths:3 | 47432 ||| INVOKING Finesse.
 47463 | Depths:3 | Found Ripned's Book Emporium.
 47471 | Depths:3 | 47471 ||| BUYING +4 ring of evasion (396 gold).
 47471 | Depths:3 | Bought a +4 ring of evasion for 396 gold pieces
 47471 | Depths:3 | 47471 ||| BUYING ring of resist corrosion (220 gold).
 47471 | Depths:3 | Bought a ring of resist corrosion for 220 gold pieces
 47518 | Depths:3 | Found Giotos's Overcharged Wands.
 47593 | Depths:3 | 47593 ||| Stepping ~*~*~tactically~*~*~ (hiding).
 47594 | Depths:3 | 47594 ||| Stepping ~*~*~tactically~*~*~ (hiding).
 47725 | Depths:3 | Identified the +2 robe of Greater Demons {Int+3}
 47734 | Depths:3 | 47734 ||| INVOKING Heroism.
 47770 | Depths:3 | 47770 ||| UPGRADING to +4 ring of evasion.
 47772 | Depths:3 | 47772 ||| DROPPING +6 ring of dexterity.
 47849 | Depths:3 | 47849 ||| INVOKING Heroism.
 47951 | Depths:4 | Entered Level 4 of the Depths
 47982 | Depths:4 | Received a gift from Okawaru
 48014 | Depths:4 | 48014 ||| Stepping ~*~*~tactically~*~*~ (stealth).
 48017 | Depths:4 | 48017 ||| Stepping ~*~*~tactically~*~*~ (stealth).
 48076 | Depths:4 | Noticed a juggernaut
 48077 | Depths:4 | 48077 ||| INVOKING Heroism.
 48086 | Depths:4 | Killed a juggernaut
 48105 | Depths:4 | Found Vauboaff's Antique Armour Shoppe.
 48114 | Depths:4 | Noticed a caustic shrike
 48115 | Depths:4 | 48115 ||| INVOKING Heroism.
 48115 | Depths:4 | Noticed a caustic shrike
 48118 | Depths:4 | Noticed a caustic shrike
 48122 | Depths:4 | Killed a caustic shrike
 48123 | Depths:4 | Reached skill level 20 in Fighting
 48124 | Depths:4 | Killed a caustic shrike
 48130 | Depths:4 | Killed a caustic shrike
 48182 | Depths:4 | 48182 ||| Stepping ~*~*~tactically~*~*~ (hiding).
 48220 | Depths:4 | 48220 ||| INVOKING Heroism.
 48221 | Depths:4 | 48221 ||| INVOKING Finesse.
 48230 | Depths:4 | Received a gift from Okawaru
 48240 | Depths:4 | Paralysed by a floating eye for 3 turns
 48526 | Depths:4 | Reached skill level 9 in Dodging
 48581 | Depths:4 | Reached skill level 21 in Shields
 48591 | Depths:4 | Found a one-way gateway to a ziggurat.
 48706 | Depths:4 | 48706 ||| Stepping ~*~*~tactically~*~*~ (hiding).
 48712 | Depths:4 | Received a gift from Okawaru
 48874 | Depths:4 | 48874 ||| INVOKING Heroism.
 48875 | Depths:4 | 48875 ||| INVOKING Finesse.
 49011 | Depths:4 | Found a gate to the Realm of Zot.
 49046 | Depths:4 | 49046 ||| PLANNING VAULTS:5
 49046 | Depths:4 | 49046 ||| DROPPING +0 cloak.
 49047 | Depths:4 | 49047 ||| DROPPING scarf of harm.
 49265 | Vaults:5 | Entered Level 5 of the Vaults
 49266 | Vaults:5 | 49266 ||| INVOKING Heroism.
 49267 | Vaults:5 | 49267 ||| STAIRDANCE
 49282 | Vaults:5 | 49282 ||| STAIRDANCE
 49315 | Vaults:5 | 49315 ||| STAIRDANCE
 49357 | Vaults:5 | 49357 ||| STAIRDANCE
 49359 | Vaults:4 | 49359 ||| INVOKING Heroism.
 49394 | Vaults:5 | 49394 ||| STAIRDANCE
 49404 | Vaults:5 | 49404 ||| STAIRDANCE
 49413 | Vaults:5 | 49413 ||| STAIRDANCE
 49418 | Vaults:5 | 49418 ||| STAIRDANCE
 49423 | Vaults:4 | Reached skill level 21 in Fighting
 49425 | Vaults:5 | Paralysed by an orc sorcerer for 5 turns
 49430 | Vaults:5 | 49430 ||| STAIRDANCE
 49437 | Vaults:5 | 49437 ||| STAIRDANCE
 49439 | Vaults:4 | 49439 ||| INVOKING Heroism.
 49440 | Vaults:4 | 49440 ||| INVOKING Finesse.
 49524 | Vaults:5 | 49524 ||| Stepping ~*~*~tactically~*~*~ (stealth).
 49526 | Vaults:5 | 49526 ||| Stepping ~*~*~tactically~*~*~ (stealth).
 49527 | Vaults:5 | 49527 ||| Stepping ~*~*~tactically~*~*~ (hiding).
 49528 | Vaults:5 | 49528 ||| Stepping ~*~*~tactically~*~*~ (hiding).
 49534 | Vaults:5 | 49534 ||| INVOKING Heroism.
 49540 | Vaults:5 | Identified the +1 pair of boots "Luol" {Harm rPois Dex+7
                  | Stlth-} (Okawaru gifted it to you on level 5 of the Vaults)
 49540 | Vaults:5 | Received a gift from Okawaru
 49566 | Vaults:5 | 49566 ||| INVOKING Finesse.
 49702 | Vaults:5 | 49702 ||| Stepping ~*~*~tactically~*~*~ (hiding).
 49703 | Vaults:5 | 49703 ||| Stepping ~*~*~tactically~*~*~ (hiding).
 49705 | Vaults:5 | 49705 ||| Stepping ~*~*~tactically~*~*~ (hiding).
 49709 | Vaults:5 | 49709 ||| INVOKING Heroism.
 49723 | Vaults:5 | 49723 ||| INVOKING Finesse.
 49860 | Vaults:5 | 49860 ||| Stepping ~*~*~tactically~*~*~ (stealth).
 49862 | Vaults:5 | 49862 ||| Stepping ~*~*~tactically~*~*~ (stealth).
 49870 | Vaults:5 | 49870 ||| INVOKING Heroism.
 49882 | Vaults:5 | 49882 ||| Stepping ~*~*~tactically~*~*~ (stealth).
 49905 | Vaults:5 | 49905 ||| Stepping ~*~*~tactically~*~*~ (stealth).
 49907 | Vaults:5 | 49907 ||| INVOKING Heroism.
 49908 | Vaults:5 | 49908 ||| INVOKING Finesse.
 49909 | Vaults:5 | 49909 ||| INVOKING Finesse.
 49952 | Vaults:5 | 49952 ||| Stepping ~*~*~tactically~*~*~ (hiding).
 50088 | Vaults:5 | 50088 ||| INVOKING Heroism.
 50113 | Vaults:5 | 50113 ||| Stepping ~*~*~tactically~*~*~ (hiding).
 50125 | Vaults:5 | Reached XP level 24. HP: 166/166 MP: 30/30
 50177 | Vaults:5 | Noticed an ancient lich
 50178 | Vaults:5 | 50178 ||| INVOKING Heroism.
 50185 | Vaults:5 | Killed an ancient lich
 50189 | Vaults:5 | Reached skill level 12 in Throwing
 50212 | Vaults:5 | 50212 ||| Stepping ~*~*~tactically~*~*~ (hiding).
 50240 | Vaults:5 | Noticed a dread lich
 50241 | Vaults:5 | 50241 ||| INVOKING Heroism.
 50244 | Vaults:5 | Killed a dread lich
 50283 | Vaults:5 | 50283 ||| Stepping ~*~*~tactically~*~*~ (hiding).
 50284 | Vaults:5 | 50284 ||| Stepping ~*~*~tactically~*~*~ (hiding).
 50290 | Vaults:5 | 50290 ||| INVOKING Heroism.
 50340 | Vaults:5 | 50340 ||| INVOKING Heroism.
 50345 | Vaults:5 | Reached skill level 22 in Fighting
 50349 | Vaults:5 | 50349 ||| Stepping ~*~*~tactically~*~*~ (stealth).
 50361 | Vaults:5 | Noticed an ancient lich
 50368 | Vaults:5 | Killed an ancient lich
 50385 | Vaults:5 | 50385 ||| INVOKING Heroism.
 50392 | Vaults:5 | 50392 ||| FLEEEEING.
 50393 | Vaults:5 | 50393 ||| FLEEEEING.
 50578 | Vaults:5 | 50578 ||| Stepping ~*~*~tactically~*~*~ (hiding).
 50611 | Vaults:5 | 50611 ||| INVOKING Heroism.
 50614 | Vaults:5 | Received a gift from Okawaru
 50700 | Vaults:5 | 50700 ||| Stepping ~*~*~tactically~*~*~ (hiding).
 50826 | Vaults:5 | 50826 ||| INVOKING Heroism.
 50852 | Vaults:5 | Got a silver rune of Zot
 50890 | Vaults:5 | Identified the +7 quarterstaff of the Supporting Seeker
                  | {distort, Str+4}
 50892 | Vaults:5 | 50892 ||| Stepping ~*~*~tactically~*~*~ (hiding).
 51043 | Vaults:5 | Received a gift from Okawaru
 51072 | Vaults:5 | Noticed an ancient lich
 51072 | Vaults:5 | 51072 ||| Stepping ~*~*~tactically~*~*~ (hiding).
 51074 | Vaults:5 | 51074 ||| Stepping ~*~*~tactically~*~*~ (hiding).
 51076 | Vaults:5 | 51076 ||| INVOKING Heroism.
 51082 | Vaults:5 | Killed an ancient lich
 51225 | Vaults:5 | 51225 ||| PLANNING SHOPPING SPREE
 51225 | Vaults:5 | 51225 ||| DROPPING +1 pair of gloves of infusion.
 51656 | Snake:2  | 51656 ||| BUYING potion of resistance (140 gold).
 51656 | Snake:2  | Bought a potion of resistance for 140 gold pieces
 51975 | D:4      | 51975 ||| BUYING ring of Pantheism {Drain Str+4 Int+6 Dex+4
                  | SInv} (642 gold).
 51975 | D:4      | Bought the ring of Pantheism {Drain Str+4 Int+6 Dex+4 SInv}
                  | for 642 gold pieces
 51975 | D:4      | 51975 ||| BUYING ring of protection from cold (275 gold).
 51975 | D:4      | Bought a ring of protection from cold for 275 gold pieces
 51975 | D:4      | 51975 ||| DROPPING ring of ice.
 52164 | D:4      | 52164 ||| BUYING +4 ice dragon scales "Buecin" {rF- rC++
                  | Will+ rCorr Dex-3 SInv} (961 gold).
 52164 | D:4      | Bought the +4 ice dragon scales "Buecin" {rF- rC++ Will+
                  | rCorr Dex-3 SInv} for 961 gold pieces
 52164 | D:4      | 52164 ||| CLEARING SHOPPING LIST
 52164 | D:4      | 52164 ||| PLANNING ZOT:1-4
 52164 | D:4      | 52164 ||| READING 3 scrolls of teleportation.
 52501 | Zot:1    | Entered Level 1 of the Realm of Zot
 52552 | Zot:1    | 52552 ||| Stepping ~*~*~tactically~*~*~ (stealth).
 52592 | Zot:1    | 52592 ||| Stepping ~*~*~tactically~*~*~ (hiding).
 52604 | Zot:1    | Received a gift from Okawaru
 52990 | Zot:1    | 52990 ||| INVOKING Heroism.
 53023 | Zot:1    | 53023 ||| Stepping ~*~*~tactically~*~*~ (stealth).
 53024 | Zot:1    | 53024 ||| Stepping ~*~*~tactically~*~*~ (stealth).
 53031 | Zot:1    | 53031 ||| INVOKING Heroism.
 53056 | Zot:1    | Reached skill level 23 in Fighting
 53134 | Zot:1    | 53134 ||| INVOKING Heroism.
 53153 | Zot:1    | 53153 ||| Stepping ~*~*~tactically~*~*~ (hiding).
 53159 | Zot:1    | Received a gift from Okawaru
 53202 | Zot:1    | 53202 ||| Stepping ~*~*~tactically~*~*~ (stealth).
 53258 | Zot:1    | 53258 ||| Stepping ~*~*~tactically~*~*~ (hiding).
 53261 | Zot:1    | 53261 ||| Stepping ~*~*~tactically~*~*~ (hiding).
 53273 | Zot:1    | 53273 ||| INVOKING Heroism.
 53328 | Zot:1    | 53328 ||| Stepping ~*~*~tactically~*~*~ (stealth).
 53533 | Zot:1    | 53533 ||| DROPPING +2 pair of gloves.
 53640 | Zot:2    | 53640 ||| INVOKING Heroism.
 53654 | Zot:2    | Reached XP level 25. HP: 176/176 MP: 30/30
 53671 | Zot:2    | 53671 ||| INVOKING Heroism.
 53676 | Zot:2    | Received a gift from Okawaru
 53854 | Zot:2    | 53854 ||| Stepping ~*~*~tactically~*~*~ (hiding).
 53855 | Zot:2    | 53855 ||| INVOKING Heroism.
 53954 | Zot:2    | Received a gift from Okawaru
 53996 | Zot:2    | 53996 ||| INVOKING Heroism.
 54066 | Zot:2    | 54066 ||| INVOKING Heroism.
 54434 | Zot:2    | 54434 ||| READING scroll labelled IDU NAABOIDEA.
 54588 | Zot:3    | 54588 ||| Stepping ~*~*~tactically~*~*~ (hiding).
 54592 | Zot:3    | 54592 ||| INVOKING Heroism.
 54598 | Zot:3    | 54598 ||| Stepping ~*~*~tactically~*~*~ (hiding).
 54862 | Zot:3    | 54862 ||| INVOKING Heroism.
 54917 | Zot:3    | 54917 ||| INVOKING Heroism.
 54921 | Zot:3    | Reached skill level 24 in Fighting
 54995 | Zot:3    | 54995 ||| Stepping ~*~*~tactically~*~*~ (hiding).
 54997 | Zot:3    | 54997 ||| Stepping ~*~*~tactically~*~*~ (hiding).
 54998 | Zot:3    | 54998 ||| Stepping ~*~*~tactically~*~*~ (hiding).
 54999 | Zot:3    | 54999 ||| Stepping ~*~*~tactically~*~*~ (hiding).
 55001 | Zot:3    | 55001 ||| INVOKING Heroism.
 55060 | Zot:3    | 55060 ||| Stepping ~*~*~tactically~*~*~ (hiding).
 55061 | Zot:3    | 55061 ||| Stepping ~*~*~tactically~*~*~ (hiding).
 55066 | Zot:3    | 55066 ||| INVOKING Heroism.
 55080 | Zot:3    | Found a transporter.
 55091 | Zot:3    | Found a transporter.
 55138 | Zot:3    | Found a transporter.
 55138 | Zot:3    | Found a transporter.
 55152 | Zot:3    | Received a gift from Okawaru
 55169 | Zot:3    | 55169 ||| Stepping ~*~*~tactically~*~*~ (stealth).
 55207 | Zot:3    | 55207 ||| INVOKING Heroism.
 55439 | Zot:3    | 55439 ||| INVOKING Heroism.
 55835 | Zot:3    | 55835 ||| Stepping ~*~*~tactically~*~*~ (stealth).
 55838 | Zot:3    | 55838 ||| Stepping ~*~*~tactically~*~*~ (hiding).
 55840 | Zot:3    | 55840 ||| Stepping ~*~*~tactically~*~*~ (hiding).
 55995 | Zot:4    | 55995 ||| Stepping ~*~*~tactically~*~*~ (stealth).
 56039 | Zot:4    | 56039 ||| Stepping ~*~*~tactically~*~*~ (hiding).
 56042 | Zot:4    | 56042 ||| INVOKING Heroism.
 56087 | Zot:4    | 56087 ||| INVOKING Heroism.
 56197 | Zot:4    | Identified the +7 plate armour of the Loving Gods {rPois
                  | MP+9}
 56321 | Zot:4    | 56321 ||| Stepping ~*~*~tactically~*~*~ (hiding).
 56339 | Zot:4    | 56339 ||| INVOKING Heroism.
 56366 | Zot:4    | 56366 ||| Stepping ~*~*~tactically~*~*~ (stealth).
 56496 | Zot:4    | 56496 ||| Stepping ~*~*~tactically~*~*~ (stealth).
 56498 | Zot:4    | 56498 ||| Stepping ~*~*~tactically~*~*~ (stealth).
 56535 | Zot:4    | 56535 ||| INVOKING Heroism.
 56689 | Zot:4    | 56689 ||| INVOKING Heroism.
 56699 | Zot:4    | 56699 ||| Stepping ~*~*~tactically~*~*~ (hiding).
 56715 | Zot:4    | 56715 ||| Stepping ~*~*~tactically~*~*~ (cloud).
 56751 | Zot:4    | 56751 ||| Stepping ~*~*~tactically~*~*~ (hiding).
 56755 | Zot:4    | 56755 ||| INVOKING Heroism.
 56765 | Zot:4    | 56765 ||| Stepping ~*~*~tactically~*~*~ (stealth).
 56770 | Zot:4    | 56770 ||| Stepping ~*~*~tactically~*~*~ (stealth).
 56802 | Zot:4    | Noticed a Killer Klown
 56805 | Zot:4    | 56805 ||| INVOKING Heroism.
 56806 | Zot:4    | 56806 ||| INVOKING Finesse.
 56810 | Zot:4    | Killed a Killer Klown
 56811 | Zot:4    | Reached skill level 25 in Fighting
 57034 | Zot:4    | 57034 ||| Stepping ~*~*~tactically~*~*~ (hiding).
 57040 | Zot:4    | 57040 ||| INVOKING Heroism.
 57231 | Zot:4    | 57231 ||| PLANNING THE SHINING ONE WORSHIP
 57537 | D:10     | Fell from the grace of Okawaru
 57537 | D:10     | Became a worshipper of the Shining One
 57538 | D:10     | 57538 ||| PLANNING CRYPT
 57712 | Crypt:1  | Entered Level 1 of the Crypt
 57768 | Crypt:1  | Noticed Vv
 57769 | Crypt:1  | 57769 ||| DRINKING 9 potions of resistance.
 57769 | Crypt:1  | Reached * piety under the Shining One
 57798 | Crypt:1  | Killed Vv
 57988 | Crypt:1  | Reached ** piety under the Shining One
 58033 | Crypt:1  | 58033 ||| Stepping ~*~*~tactically~*~*~ (hiding).
 58037 | Crypt:1  | 58037 ||| Stepping ~*~*~tactically~*~*~ (hiding).
 58209 | Crypt:1  | 58209 ||| Stepping ~*~*~tactically~*~*~ (stealth).
 58214 | Crypt:1  | Reached XP level 26. HP: 188/188 MP: 31/31
 58214 | Crypt:1  | Reached *** piety under the Shining One
 58220 | Crypt:1  | Reached skill level 12 in Invocations
 58288 | Crypt:1  | You are sucked into a shaft and drop 1 floor!
 58288 | Crypt:2  | Reached **** piety under the Shining One
 58289 | Crypt:2  | 58289 ||| Stepping ~*~*~tactically~*~*~ (hiding).
 58290 | Crypt:2  | 58290 ||| Stepping ~*~*~tactically~*~*~ (hiding).
 58342 | Crypt:2  | 58342 ||| Stepping ~*~*~tactically~*~*~ (hiding).
 58503 | Crypt:2  | 58503 ||| Stepping ~*~*~tactically~*~*~ (hiding).
 58594 | Crypt:2  | 58594 ||| Stepping ~*~*~tactically~*~*~ (hiding).
 58611 | Crypt:2  | 58611 ||| DROPPING ring of Pantheism {Drain Str+4 Int+6
                  | Dex+4 SInv}.
 58655 | Crypt:1  | Reached ***** piety under the Shining One
 59036 | Crypt:2  | Noticed Frederick
 59037 | Crypt:2  | 59037 ||| INVOKING Summon Divine Warrior.
 59043 | Crypt:2  | Killed Frederick
 59126 | Crypt:2  | 59126 ||| Stepping ~*~*~tactically~*~*~ (stealth).
 59155 | Crypt:2  | Reached ****** piety under the Shining One
 59178 | Crypt:2  | 59178 ||| INVOKING Brand Weapon With Holy Wrath.
 59178 | Crypt:2  | Identified a +2 war axe of holy wrath (a +0 war axe blessed
                  | by the Shining One)
 59178 | Crypt:2  | Received a gift from the Shining One
 59179 | Crypt:2  | 59179 ||| DROPPING +2 war axe of holy wrath.
 59472 | Crypt:2  | 59472 ||| INVOKING Cleansing Flame.
 59473 | Crypt:2  | 59473 ||| INVOKING Cleansing Flame.
 59474 | Crypt:2  | 59474 ||| INVOKING Cleansing Flame.
 59759 | Crypt:2  | Noticed Bai Suzhen
 59771 | Crypt:2  | Killed Bai Suzhen
 59772 | Crypt:2  | Reached skill level 15 in Invocations
 59772 | Crypt:2  | 59772 ||| Stepping ~*~*~tactically~*~*~ (cloud).
 59813 | Crypt:3  | Entered Level 3 of the Crypt
 59846 | Crypt:3  | 59846 ||| Stepping ~*~*~tactically~*~*~ (stealth).
 59850 | Crypt:3  | Paralysed by a vampire knight for 4 turns
 59877 | Crypt:3  | 59877 ||| FLEEEEING.
 59878 | Crypt:3  | 59878 ||| FLEEEEING.
 59879 | Crypt:3  | 59879 ||| FLEEEEING.
 59880 | Crypt:3  | 59880 ||| FLEEEEING.
 59881 | Crypt:3  | 59881 ||| STAIRDANCE
 59965 | Crypt:3  | 59965 ||| STAIRDANCE
 60002 | Crypt:3  | 60002 ||| Stepping ~*~*~tactically~*~*~ (stealth).
 60054 | Crypt:3  | 60054 ||| Stepping ~*~*~tactically~*~*~ (hiding).
 60101 | Crypt:3  | Identified the +10 long sword of Iczaenayst {drain, Str+4
                  | Stlth+}
 60182 | Crypt:3  | 60182 ||| Stepping ~*~*~tactically~*~*~ (hiding).
 60435 | Crypt:3  | Found a staircase to the Tomb.
 60436 | Crypt:3  | 60436 ||| INVOKING Cleansing Flame.
 60623 | Crypt:3  | 60623 ||| Stepping ~*~*~tactically~*~*~ (hiding).
 60624 | Crypt:3  | 60624 ||| Stepping ~*~*~tactically~*~*~ (hiding).
 60714 | Crypt:3  | 60714 ||| INVOKING Summon Divine Warrior.
 60833 | Crypt:3  | 60833 ||| Stepping ~*~*~tactically~*~*~ (hiding).
 60877 | Crypt:3  | 60877 ||| Stepping ~*~*~tactically~*~*~ (hiding).
 60908 | Crypt:3  | 60908 ||| INVOKING Cleansing Flame.
 60968 | Crypt:3  | 60968 ||| INVOKING Summon Divine Warrior.
 60969 | Crypt:3  | 60969 ||| INVOKING Cleansing Flame.
 60993 | Crypt:3  | Found an ancient bone altar of Kikubaaqudgha.
 60993 | Crypt:3  | Found a basalt altar of Yredelemnul.
 61090 | Crypt:3  | Found the +7 sceptre of Torment {pain, torment}
 61120 | Crypt:3  | 61120 ||| PLANNING TOMB
 61180 | Tomb:1   | Entered Level 1 of the Tomb of the Ancients
 61345 | Tomb:1   | 61345 ||| INVOKING Summon Divine Warrior.
 61662 | Tomb:1   | 61662 ||| INVOKING Cleansing Flame.
 61732 | Tomb:1   | 61732 ||| INVOKING Cleansing Flame.
 61819 | Tomb:1   | 61819 ||| Stepping ~*~*~tactically~*~*~ (stealth).
 61845 | Tomb:1   | 61845 ||| Stepping ~*~*~tactically~*~*~ (stealth).
 61847 | Tomb:1   | 61847 ||| Stepping ~*~*~tactically~*~*~ (stealth).
 61904 | Tomb:1   | 61904 ||| INVOKING Cleansing Flame.
 61958 | Tomb:1   | Reached XP level 27. HP: 183/193 MP: 35/35
 61988 | Tomb:1   | Noticed a royal mummy
 61989 | Tomb:1   | 61989 ||| INVOKING Summon Divine Warrior.
 61992 | Tomb:1   | Killed a royal mummy
 61994 | Tomb:1   | Noticed a royal mummy
 61995 | Tomb:1   | 61995 ||| INVOKING Cleansing Flame.
 62000 | Tomb:1   | Killed a royal mummy
 62134 | Tomb:2   | 62134 ||| DRINKING 10 potions of haste.
 62134 | Tomb:2   | Noticed a royal mummy
 62135 | Tomb:2   | 62135 ||| DRINKING 12 potions of attraction.
 62136 | Tomb:2   | 62136 ||| INVOKING Summon Divine Warrior.
 62137 | Tomb:2   | 62137 ||| INVOKING Cleansing Flame.
 62140 | Tomb:2   | Noticed a royal mummy
 62143 | Tomb:2   | Noticed Boris
 62143 | Tomb:2   | Noticed Khufu
 62145 | Tomb:2   | Noticed a royal mummy
 62146 | Tomb:2   | 62146 ||| INVOKING Summon Divine Warrior.
 62146 | Tomb:2   | Noticed a royal mummy
 62155 | Tomb:2   | Killed a royal mummy
 62156 | Tomb:2   | Killed a royal mummy
 62160 | Tomb:2   | 62160 ||| INVOKING Cleansing Flame.
 62160 | Tomb:2   | Killed a royal mummy
 62161 | Tomb:2   | Killed a royal mummy
 62163 | Tomb:2   | Noticed a royal mummy
 62163 | Tomb:2   | Killed Khufu
 62164 | Tomb:2   | 62164 ||| INVOKING Cleansing Flame.
 62164 | Tomb:2   | Noticed a royal mummy
 62165 | Tomb:2   | 62165 ||| INVOKING Summon Divine Warrior.
 62170 | Tomb:2   | Killed Boris
 62171 | Tomb:2   | Reached skill level 18 in Invocations
 62172 | Tomb:2   | Killed a royal mummy
 62172 | Tomb:2   | Killed a royal mummy
 62194 | Tomb:2   | 62194 ||| INVOKING Summon Divine Warrior.
 62318 | Tomb:2   | 62318 ||| Stepping ~*~*~tactically~*~*~ (stealth).
 62375 | Tomb:2   | Paralysed by a Zot trap for 5 turns
 62445 | Tomb:2   | 62445 ||| INVOKING Cleansing Flame.
 62479 | Tomb:2   | 62479 ||| INVOKING Cleansing Flame.
 62480 | Tomb:2   | 62480 ||| INVOKING Cleansing Flame.
 62568 | Tomb:2   | 62568 ||| INVOKING Cleansing Flame.
 62569 | Tomb:2   | 62569 ||| INVOKING Summon Divine Warrior.
 62580 | Tomb:2   | Gained mutation: Your body sometimes deteriorates upon
                  | taking damage. [mutagenic glow]
 62586 | Tomb:2   | 62586 ||| INVOKING Cleansing Flame.
 62591 | Tomb:2   | Gained mutation: Your spells are a little easier to cast,
                  | but a little less powerful. [mutagenic glow]
 62598 | Tomb:2   | 62598 ||| INVOKING Cleansing Flame.
 62598 | Tomb:2   | Gained mutation: You are frail. (-10% HP) [mutagenic glow]
 62614 | Tomb:2   | Gained mutation: You are very frail. (-20% HP) [mutagenic
                  | glow]
 62626 | Tomb:2   | Gained mutation: Your body often deteriorates upon taking
                  | damage. [mutagenic glow]
 62635 | Tomb:2   | Gained mutation: Your magical capacity is low. (-10% MP)
                  | [mutagenic glow]
 62651 | Tomb:2   | Gained mutation: You are extremely frail. (-30% HP)
                  | [mutagenic glow]
 62652 | Tomb:2   | 62652 ||| DRINKING 10 potions of mutation.
 62652 | Tomb:2   | Lost mutation: You are extremely frail. (-30% HP) [potion
                  | of mutation]
 62652 | Tomb:2   | Lost mutation: You are very frail. (-20% HP) [potion of
                  | mutation]
 62652 | Tomb:2   | Gained mutation: You have sharp fingernails. [potion of
                  | mutation]
 62652 | Tomb:2   | Gained mutation: You heal very quickly. [potion of
                  | mutation]
 62652 | Tomb:2   | Lost mutation: Your spells are a little easier to cast, but
                  | a little less powerful. [potion of mutation]
 62652 | Tomb:2   | Gained mutation: You expend magic power (3 MP) to
                  | strengthen your wands. [potion of mutation]
 62653 | Tomb:2   | 62653 ||| DRINKING 9 potions of mutation.
 62653 | Tomb:2   | Lost mutation: You are agile. (Dex +4, Str/Int -1) [potion
                  | of mutation]
 62653 | Tomb:2   | Lost mutation: Your body often deteriorates upon taking
                  | damage. [potion of mutation]
 62653 | Tomb:2   | Lost mutation: You expend magic power (3 MP) to strengthen
                  | your wands. [potion of mutation]
 62653 | Tomb:2   | Lost mutation: You passively dampen the noise of your
                  | surroundings. [potion of mutation]
 62653 | Tomb:2   | Gained mutation: Your body often deteriorates upon taking
                  | damage. [potion of mutation]
 62653 | Tomb:2   | Gained mutation: You are partially covered in iridescent
                  | scales. (AC +2) [potion of mutation]
 62654 | Tomb:2   | 62654 ||| DRINKING 8 potions of mutation.
 62654 | Tomb:2   | Lost mutation: You have sharp fingernails. [potion of
                  | mutation]
 62654 | Tomb:2   | Lost mutation: You heal very quickly. [potion of mutation]
 62654 | Tomb:2   | Lost mutation: You are frail. (-10% HP) [potion of
                  | mutation]
 62654 | Tomb:2   | Gained mutation: You are agile. (Dex +4, Str/Int -1)
                  | [potion of mutation]
 62698 | Tomb:2   | 62698 ||| DRINKING 7 potions of mutation.
 62698 | Tomb:2   | Lost mutation: You are partially covered in iridescent
                  | scales. (AC +2) [potion of mutation]
 62698 | Tomb:2   | Lost mutation: You have sharp toenails. [potion of
                  | mutation]
 62698 | Tomb:2   | Gained mutation: Armour fits poorly on your strangely
                  | shaped body. [potion of mutation]
 62699 | Tomb:2   | 62699 ||| DRINKING 6 potions of mutation.
 62699 | Tomb:2   | Lost mutation: Your body often deteriorates upon taking
                  | damage. [potion of mutation]
 62699 | Tomb:2   | Lost mutation: Your natural rate of healing is unusually
                  | fast. [potion of mutation]
 62700 | Tomb:2   | 62700 ||| DRINKING 5 potions of mutation.
 62700 | Tomb:2   | Lost mutation: Your magical capacity is low. (-10% MP)
                  | [potion of mutation]
 62700 | Tomb:2   | Lost mutation: Your body sometimes deteriorates upon taking
                  | damage. [potion of mutation]
 62700 | Tomb:2   | Lost mutation: You are agile. (Dex +4, Str/Int -1) [potion
                  | of mutation]
 62700 | Tomb:2   | Gained mutation: You have a somewhat thin skeletal
                  | structure. (Dex +2, Stealth+) [potion of mutation]
 62700 | Tomb:2   | Gained mutation: You are partially covered in iridescent
                  | scales. (AC +2) [potion of mutation]
 62700 | Tomb:2   | Gained mutation: You are covered in fur. (AC +1) [potion of
                  | mutation]
 62701 | Tomb:2   | 62701 ||| DRINKING 4 potions of mutation.
 62701 | Tomb:2   | Lost mutation: You have a somewhat thin skeletal structure.
                  | (Dex +2, Stealth+) [potion of mutation]
 62701 | Tomb:2   | Lost mutation: Armour fits poorly on your strangely shaped
                  | body. [potion of mutation]
 62701 | Tomb:2   | Lost mutation: You are partially covered in iridescent
                  | scales. (AC +2) [potion of mutation]
 62701 | Tomb:2   | Gained mutation: Your skin changes colour to match your
                  | surroundings (Stealth+). [potion of mutation]
 62701 | Tomb:2   | Gained mutation: Your spells are a little harder to cast,
                  | but a little more powerful. [potion of mutation]
 62846 | Tomb:1   | 62846 ||| INVOKING Summon Divine Warrior.
 62867 | Tomb:1   | Noticed a royal mummy
 62870 | Tomb:1   | Killed a royal mummy
 62874 | Tomb:1   | Noticed a royal mummy
 62882 | Tomb:1   | Killed a royal mummy
 62955 | Tomb:1   | Noticed a royal mummy
 62956 | Tomb:1   | 62956 ||| INVOKING Cleansing Flame.
 62957 | Tomb:1   | 62957 ||| INVOKING Cleansing Flame.
 62958 | Tomb:1   | 62958 ||| INVOKING Cleansing Flame.
 62959 | Tomb:1   | 62959 ||| INVOKING Cleansing Flame.
 62959 | Tomb:1   | Killed a royal mummy
 63099 | Tomb:1   | Noticed a royal mummy
 63100 | Tomb:1   | 63100 ||| INVOKING Summon Divine Warrior.
 63103 | Tomb:1   | 63103 ||| INVOKING Cleansing Flame.
 63104 | Tomb:1   | 63104 ||| INVOKING Cleansing Flame.
 63105 | Tomb:1   | Killed a royal mummy
 63110 | Tomb:1   | Noticed a royal mummy
 63114 | Tomb:1   | 63114 ||| INVOKING Cleansing Flame.
 63115 | Tomb:1   | 63115 ||| INVOKING Cleansing Flame.
 63115 | Tomb:1   | Killed a royal mummy
 63146 | Tomb:1   | Noticed a royal mummy
 63150 | Tomb:1   | 63150 ||| INVOKING Cleansing Flame.
 63151 | Tomb:1   | 63151 ||| INVOKING Cleansing Flame.
 63152 | Tomb:1   | 63152 ||| INVOKING Cleansing Flame.
 63152 | Tomb:1   | Noticed a royal mummy
 63153 | Tomb:1   | Killed a royal mummy
 63155 | Tomb:1   | 63155 ||| INVOKING Summon Divine Warrior.
 63158 | Tomb:1   | Killed a royal mummy
 63297 | Tomb:1   | Noticed a royal mummy
 63298 | Tomb:1   | 63298 ||| INVOKING Cleansing Flame.
 63299 | Tomb:1   | 63299 ||| INVOKING Summon Divine Warrior.
 63305 | Tomb:1   | Killed a royal mummy
 63343 | Tomb:1   | Noticed a royal mummy
 63344 | Tomb:1   | 63344 ||| Stepping ~*~*~tactically~*~*~ (hiding).
 63350 | Tomb:1   | 63350 ||| INVOKING Summon Divine Warrior.
 63351 | Tomb:1   | 63351 ||| INVOKING Cleansing Flame.
 63355 | Tomb:1   | Killed a royal mummy
 63467 | Tomb:1   | Noticed a royal mummy
 63468 | Tomb:1   | 63468 ||| INVOKING Summon Divine Warrior.
 63469 | Tomb:1   | 63469 ||| INVOKING Cleansing Flame.
 63470 | Tomb:1   | 63470 ||| INVOKING Cleansing Flame.
 63471 | Tomb:1   | 63471 ||| INVOKING Cleansing Flame.
 63471 | Tomb:1   | Killed a royal mummy
 63487 | Tomb:1   | Noticed a royal mummy
 63490 | Tomb:1   | 63490 ||| INVOKING Cleansing Flame.
 63491 | Tomb:1   | 63491 ||| INVOKING Cleansing Flame.
 63492 | Tomb:1   | 63492 ||| INVOKING Cleansing Flame.
 63492 | Tomb:1   | Killed a royal mummy
 63720 | Tomb:1   | Noticed a royal mummy
 63721 | Tomb:1   | 63721 ||| Stepping ~*~*~tactically~*~*~ (hiding).
 63722 | Tomb:1   | 63722 ||| Stepping ~*~*~tactically~*~*~ (hiding).
 63731 | Tomb:1   | Killed a royal mummy
 63735 | Tomb:1   | Noticed a royal mummy
 63736 | Tomb:1   | 63736 ||| INVOKING Cleansing Flame.
 63740 | Tomb:1   | Killed a royal mummy
 63741 | Tomb:1   | Noticed a royal mummy
 63742 | Tomb:1   | 63742 ||| INVOKING Cleansing Flame.
 63743 | Tomb:1   | 63743 ||| INVOKING Cleansing Flame.
 63748 | Tomb:1   | Killed a royal mummy
 63748 | Tomb:1   | Noticed a royal mummy
 63749 | Tomb:1   | 63749 ||| INVOKING Cleansing Flame.
 63750 | Tomb:1   | 63750 ||| INVOKING Cleansing Flame.
 63753 | Tomb:1   | Noticed a royal mummy
 63755 | Tomb:1   | Killed a royal mummy
 63762 | Tomb:1   | Killed a royal mummy
 63762 | Tomb:1   | Lost dexterity.
 63763 | Tomb:1   | Reached skill level 21 in Invocations
 63965 | Tomb:1   | 63965 ||| UPGRADING to +0 hat of Mirchits {Contam rF+
                  | Dex+3}.
 64108 | Tomb:1   | Was forgiven by Okawaru
 64331 | Tomb:2   | 64331 ||| INVOKING Cleansing Flame.
 64335 | Tomb:2   | 64335 ||| INVOKING Cleansing Flame.
 64340 | Tomb:2   | 64340 ||| INVOKING Cleansing Flame.
 64347 | Tomb:2   | Gained mutation: You are vulnerable to cold. (rC-)
                  | [mutagenic glow]
 64356 | Tomb:2   | 64356 ||| DRINKING 4 potions of mutation.
 64356 | Tomb:2   | Lost mutation: You are vulnerable to cold. (rC-) [potion of
                  | mutation]
 64356 | Tomb:2   | Lost mutation: You are covered in fur. (AC +1) [potion of
                  | mutation]
 64356 | Tomb:2   | Gained mutation: You possess an exceptional clarity of
                  | mind. [potion of mutation]
 64356 | Tomb:2   | Gained mutation: You occasionally lose the ability to drink
                  | potions when taking damage. [potion of mutation]
 64356 | Tomb:2   | Gained mutation: You have a somewhat thin skeletal
                  | structure. (Dex +2, Stealth+) [potion of mutation]
 64357 | Tomb:2   | 64357 ||| DRINKING 3 potions of mutation.
 64357 | Tomb:2   | Lost mutation: Your spells are a little harder to cast, but
                  | a little more powerful. [potion of mutation]
 64357 | Tomb:2   | Lost mutation: You possess an exceptional clarity of mind.
                  | [potion of mutation]
 64357 | Tomb:2   | Lost mutation: You have a somewhat thin skeletal structure.
                  | (Dex +2, Stealth+) [potion of mutation]
 64357 | Tomb:2   | Gained mutation: You expend magic power (3 MP) to
                  | strengthen your wands. [potion of mutation]
 64357 | Tomb:2   | Gained mutation: You have a pair of small horns on your
                  | head. [potion of mutation]
 64358 | Tomb:2   | 64358 ||| DRINKING 2 potions of mutation.
 64358 | Tomb:2   | Lost mutation: You have a pair of small horns on your head.
                  | [potion of mutation]
 64358 | Tomb:2   | Lost mutation: You occasionally lose the ability to drink
                  | potions when taking damage. [potion of mutation]
 64358 | Tomb:2   | Lost mutation: Your skin changes colour to match your
                  | surroundings (Stealth+). [potion of mutation]
 64358 | Tomb:2   | Gained mutation: Your body sometimes deteriorates upon
                  | taking damage. [potion of mutation]
 64358 | Tomb:2   | Gained mutation: You are covered in fur. (AC +1) [potion of
                  | mutation]
 64358 | Tomb:2   | Gained mutation: You are partially covered in iridescent
                  | scales. (AC +2) [potion of mutation]
 64446 | Tomb:3   | Entered Level 3 of the Tomb of the Ancients
 64447 | Tomb:3   | 64447 ||| DRINKING 10 potions of haste.
 64448 | Tomb:3   | 64448 ||| DRINKING 11 potions of attraction.
 64491 | Tomb:3   | 64491 ||| INVOKING Summon Divine Warrior.
 64492 | Tomb:3   | 64492 ||| INVOKING Cleansing Flame.
 64492 | Tomb:3   | Noticed a royal mummy
 64493 | Tomb:3   | 64493 ||| INVOKING Cleansing Flame.
 64495 | Tomb:3   | 64495 ||| INVOKING Cleansing Flame.
 64495 | Tomb:3   | Noticed a royal mummy
 64496 | Tomb:3   | 64496 ||| INVOKING Cleansing Flame.
 64497 | Tomb:3   | Noticed a royal mummy
 64499 | Tomb:3   | Noticed a royal mummy
 64499 | Tomb:3   | Noticed a royal mummy
 64499 | Tomb:3   | 64499 ||| INVOKING Cleansing Flame.
 64500 | Tomb:3   | 64500 ||| INVOKING Cleansing Flame.
 64500 | Tomb:3   | Killed a royal mummy
 64501 | Tomb:3   | 64501 ||| INVOKING Cleansing Flame.
 64502 | Tomb:3   | Noticed a royal mummy
 64502 | Tomb:3   | 64502 ||| INVOKING Cleansing Flame.
 64503 | Tomb:3   | HP: 47/193 [??? (9)]
 64504 | Tomb:3   | 64504 ||| READING 8 scrolls of teleportation.
 64504 | Tomb:3   | Noticed a royal mummy
 64505 | Tomb:3   | 64505 ||| DRINKING 10 potions of heal wounds.
 64506 | Tomb:3   | 64506 ||| DRINKING 9 potions of heal wounds.
 64507 | Tomb:3   | 64507 ||| DRINKING 8 potions of heal wounds.
 64508 | Tomb:3   | 64508 ||| INVOKING Summon Divine Warrior.
 64509 | Tomb:3   | Noticed a royal mummy
 64512 | Tomb:3   | 64512 ||| INVOKING Cleansing Flame.
 64516 | Tomb:3   | 64516 ||| READING 7 scrolls of teleportation.
 64517 | Tomb:3   | 64517 ||| INVOKING Cleansing Flame.
 64517 | Tomb:3   | Noticed a royal mummy
 64524 | Tomb:3   | 64524 ||| INVOKING Summon Divine Warrior.
 64530 | Tomb:3   | 64530 ||| INVOKING Cleansing Flame.
 64530 | Tomb:3   | HP: 46/193 [??? (9)]
 64531 | Tomb:3   | 64531 ||| READING 6 scrolls of teleportation.
 64532 | Tomb:3   | 64532 ||| DRINKING 7 potions of heal wounds.
 64533 | Tomb:3   | 64533 ||| DRINKING 6 potions of heal wounds.
 64539 | Tomb:3   | 64539 ||| INVOKING Summon Divine Warrior.
 64548 | Tomb:3   | 64548 ||| INVOKING Summon Divine Warrior.
 64553 | Tomb:3   | HP: 46/193 [royal mummy/divine providence (7)]
 64554 | Tomb:3   | 64554 ||| READING 5 scrolls of teleportation.
 64555 | Tomb:3   | 64555 ||| DRINKING 5 potions of heal wounds.
 64557 | Tomb:3   | 64557 ||| DRINKING 4 potions of heal wounds.
 64569 | Tomb:3   | 64569 ||| DRINKING 7 potions of magic.
 64570 | Tomb:3   | 64570 ||| INVOKING Summon Divine Warrior.
 64584 | Tomb:3   | Killed a royal mummy
 64586 | Tomb:3   | 64586 ||| INVOKING Cleansing Flame.
 64587 | Tomb:3   | 64587 ||| INVOKING Cleansing Flame.
 64587 | Tomb:3   | HP: 40/193 [something (14)]
 64588 | Tomb:3   | 64588 ||| READING 4 scrolls of teleportation.
 64589 | Tomb:3   | 64589 ||| DRINKING 3 potions of heal wounds.
 64590 | Tomb:3   | 64590 ||| DRINKING 2 potions of heal wounds.
 64594 | Tomb:3   | 64594 ||| INVOKING Summon Divine Warrior.
 64597 | Tomb:3   | HP: 44/193 [guardian mummy (10)]
 64598 | Tomb:3   | 64598 ||| READING 3 scrolls of teleportation.
 64599 | Tomb:3   | 64599 ||| DRINKING potion of heal wounds.
 64602 | Tomb:3   | 64602 ||| READING 2 scrolls of teleportation.
 64603 | Tomb:3   | HP: 45/193 [emperor scorpion[a royal mummy] (4)]
 64603 | Tomb:3   | HP: 22/193 [royal mummy/divine providence (16)]
 64603 | Tomb:3   | HP: 9/193 [royal mummy/divine providence (13)]
 64604 | Tomb:3   | 64604 ||| INVOKING Cleansing Flame.
 64604 | Tomb:3   | Found the +12 glaive of Prune {vorpal}
 64609 | Tomb:3   | 64609 ||| READING scroll of teleportation.
 64611 | Tomb:3   | 64611 ||| INVOKING Cleansing Flame.
 64614 | Tomb:3   | 64614 ||| INVOKING Summon Divine Warrior.
 64614 | Tomb:3   | HP: 18/193 [??? (3)]
 64617 | Tomb:3   | HP: 6/193 [royal mummy/divine providence (11)]
 64619 | Tomb:3   | 64619 ||| DRINKING 6 potions of magic.
 64622 | Tomb:3   | Killed a royal mummy
 64622 | Tomb:3   | Killed a royal mummy
 64624 | Tomb:3   | 64624 ||| INVOKING Cleansing Flame.
 64624 | Tomb:3   | Killed from afar by a royal mummy

Levels and vault maps discovered:
D:1:      elethiomel_arrival_infinity_welcomes_careful_drivers, layout_basic,
          shapermc_ecumenical_altar_hornbeckon, serial_shops, nicolae_shop_trees
D:2:      layout_basic, minivault_27, uniq_natasha, uniq_robin
D:3:      layout_loops_corners, mainiacjoe_overflow_six_doors_small,
          kennysheep_potato
D:4:      wad_crossroads, layout_basic, mainiacjoe_overflow_alcove_1,
          temple_green, nicolae_take_the_stairs, dreamdust_princess_bridge,
          nicolae_shop_dragon_depot, uniq_duvessa, uniq_sigmund
D:5:      layout_cave_pools, xom_confusion_cloud,
          mainiacjoe_overflow_tiny_flanked, serial_column_ruins,
          column_ruins_square_small, column_ruins_courtyard_long,
          column_ruins_columns_dead_end, column_ruins_grid_3,
          column_ruins_corridor_straight, column_ruins_grid_1,
          column_ruins_corridor_straight, column_ruins_open_small,
          column_ruins_open_small, serial_shops, nicolae_shop_stone,
          minivault_4, corner_web_ring, uniq_grinder
D:6:      layout_basic, mainiacjoe_overflow_alcove_4,
          chequers_serial_rivers_micro_a, patterned_corridor, uniq_menkaure
D:7:      kennysheep_housing_project, layout_gridville,
          nicolae_uskayaw_en_pointe, minmay_fractal_squares_gapless_5
D:8:      layout_loops_ring, gammafunk_temple_overflow_forgotten,
          erik_lair_dragon, eino_tiny_chamber, chequers_serial_rivers_micro_c,
          hangedman_abyss_or_decor_stabs
D:9:      layout_roguey, cheibrodos_ashenzari_chains
D:10:     layout_gridville, tso_metal_star, marbit_many_paths,
          zombieorc2_lemuel, serial_glass, glass_columns_c, glass_columns_a,
          due_unseen_surprise
D:11:     layout_stronghold, serial_shops, shop, kennysheep_generic_room_16
D:12:     layout_grid_maze, serial_shops, nicolae_shop_bloodbath_and_beyond
D:13:     layout_gridville, serial_shops, shop, nicolae_trove_entry_free_sample,
          gauntlet_entry_generic, grunt_ministairs_15
D:14:     minmay_open_boxes_in_corner, layout_basic, david_vaults_3,
          minmay_staircase_bubble, serial_shops,
          nicolae_shop_competitors_out_of_business,
          minmay_fractal_squares_gapless_7
D:15:     hangedman_depths_entry_civil_slaughter, layout_loops_ring
Temple:   chequers_temple_sunken
Lair:1:   layout_chaotic_city, portal_ice_cave_entry_pillars_1
Lair:2:   layout_regular_city, minmay_holes, beast_lair_carwin_5, uniq_erica,
          uniq_amaemon
Lair:3:   layout_regular_city, skrybe_swamp_entry_bodies, dummy_snake_entry,
          columned_hall_lemuel, grunt_megastairs_1, uniq_snorg, uniq_kirke
Lair:4:   dragon1_lemuel, layout_regular_city, nzn_random_ring
Lair:5:   evilmike_catoblepas_cave, layout_loops_ring, slime_entry_1,
          minmay_shattered_shrine, infiniplex_staircase_pool
Swamp:1:  layout_falls_marsh, nicolae_swamp_oxbows, swamp_pool5,
          infiniplex_staircase_pool_2
Swamp:2:  layout_falls_marsh, hangedman_swamp_blocks, swamp_pool3,
          st_swamp_ruins_4
Swamp:3:  layout_basic_swamp, gammafunk_ghost_split, nicolae_swamp_triple_paths
Swamp:4:  swamp_pestilence, layout_basic_swamp
Snake:1:  layout_honeycomb, ebering_ghost_reflecting_pool, minmay_shop_star
Snake:2:  onia_ninara_swampy_vault, layout_chambers, minmay_shoptagon
Snake:3:  layout_basic, basic_altar, uniq_vashnia
Snake:4:  grunt_snake_rune_serpentine_throne, layout_misc_corridors,
          gammafunk_ghost_grave
Orc:1:    layout_caves, roderic_batcave
Orc:2:    st_orc_open, layout_caves, serial_shops, nicolae_shop_trees, rock_pile
Vaults:1: ontoclasm_vaults_spin, nicolae_vaults_asterisk,
          hangedman_vaults_impose, v_misc_33, v_pattern_2,
          nicolae_vaults_border_crossing, vaults_dpeg_doors, v_misc_27,
          v_misc_26, ontoclasm_vaults_misaligned, v_misc_23, special_room_vaults
          [special_room_orc], layout_vaults_big_cross
Vaults:2: vaults_mumra_lcd, vaults_dpeg_encased_lava, hangedman_vaults_hat,
          nicolae_vaults_angled_halls, v_misc_8,
          nicolae_vaults_mini_display_case, v_misc_3, ontoclasm_vaults_ligature,
          hangedman_vaults_corner, grunt_vaults_twisty, st_lattice,
          ontoclasm_vaults_claustrophobia, minmay_crypt_entry_necro_gods,
          v_pattern_3, layout_vaults_omnibox, serial_shops, shop_coins
Vaults:3: vaults_room_door_hall, nicolae_vaults_network_quinsquares
          [nicolae_vaults_network_quincunx_subvault,
          nicolae_vaults_network_quincunx_subvault,
          nicolae_vaults_network_quincunx_subvault,
          nicolae_vaults_network_quincunx_subvault], v_misc_13,
          dpeg_vaults_pockets_of_resistance, hangedman_vaults_cutoff,
          vaults_dpeg_ring, v_misc_30, nicolae_vaults_sealed_display, v_rooms_2,
          v_alt_pattern_1, vaults_dpeg_emergency_exit,
          ontoclasm_vaults_loading_screen, layout_vaults_chaotic_city
Vaults:4: v_misc_16, v_pattern_1, nicolae_vaults_network_periphery,
          nicolae_vaults_bisected_exclaves, hangedman_vaults_nails,
          nicolae_vaults_big_ls, ontoclasm_vaults_bender, v_misc_19, v_misc_30,
          v_misc_23, nicolae_vaults_little_squares_3, layout_vaults_maze,
          uniq_mara, uniq_boris
Vaults:5
Crypt:1:  layout_regular_city, minivault_4, uniq_vv
Crypt:2:  layout_misc_corridors, nicolae_crypt_knee_deep_in_the_dead,
          grunt_megastairs_4, uniq_bai_suzhen, uniq_frederick
Crypt:3:  lightli_unholy_cathedral, layout_chaotic_city,
          tomb_entry_sphere_bobbens
Tomb:1
Tomb:2:   uniq_khufu
Tomb:3
Depths:1: layout_basic, pan_entry, abyss_entry, lightli_too_deep,
          grunt_dithmenos_smoke_and_mirrors
Depths:2: dreamdust_isle_of_ice, layout_gridlike, grunt_pan_entry_sceptre,
          grunt_hell_entry_dis_old, minmay_misc_feat_secret_circle,
          lemuel_another_geyser
Depths:3: minmay_tri_stars, layout_gridville, serial_shops, shop, pan_entry,
          hell_entry, abyss_entry, chequers_serial_rivers_room_a,
          nicolae_shop_overcharged_wands, minmay_shop_grove
Depths:4: grunt_zot_entry_alcove, layout_gridlike, enter_ziggurat_e,
          serial_shops, nicolae_diamond_shop, hangedman_decor_clover_reticule,
          abyss_entry, pf_hell_entry_tar_river
Zot:1:    layout_misc_corridors, drop_trap, zot_minivault_7, grunt_megastairs_5
Zot:2:    layout_cathedral_of_symmetry
Zot:3:    layout_cathedral_of_symmetry, nicolae_diode_quadrants
Zot:4:    layout_gridlike, grunt_megastairs_2

Skill      XL: |  1  2  3  4  5  6  7  8  9 10 11 12 13 14 15 16 17 18 19 20 21 22 23 24 25 26 27 |
---------------+----------------------------------------------------------------------------------+-----
Axes           | 2 3 4 5 6 7 8 9 10 11 12 14 15 17 18 | 18.0
Dodging        | 1 2 3 4 5 6 7 8 9 10 | 10.3
Fighting       | 4 5 7 8 10 11 12 13 14 15 17 19 21 23 25 | 25.0
Invocations    | 4 6 9 10 11 16 23 | 23.6
Armour         | 4 5 7 8 9 10 11 12 15 18 20 21 22 23 | 23.7
Throwing       | 2 4 5 6 7 11 13 14 | 14.0
Shields        | 4 5 6 7 10 15 17 18 19 20 21 22 | 22.0

Action                   |  1- 3 |  4- 6 |  7- 9 | 10-12 | 13-15 | 16-18 | 19-21 | 22-24 | 25-27 || total
-------------------------+-------+-------+-------+-------+-------+-------+-------+-------+-------++-------
Melee: War axe           |   109 |    98 |       |       |       |       |       |       |       ||   207
       Broad axe         |       |    49 |   182 |   304 |   720 |  1067 |  1120 |   950 |  1265 ||  5657
Throw: Boomerang         |       |       |    17 |    89 |   143 |    85 |   108 |    97 |   170 ||   709
       Javelin           |       |       |       |    28 |    49 |    54 |     1 |   107 |    53 ||   292
Invok: Heroism           |       |       |     7 |    28 |    34 |    43 |    35 |    43 |    19 ||   209
       Finesse           |       |       |       |     3 |    10 |     4 |     8 |    18 |     1 ||    44
       Cleansing Flame   |       |       |       |       |       |       |       |       |    62 ||    62
       Summon Divine War |       |       |       |       |       |       |       |       |    24 ||    24
       Brand Weapon With |       |       |       |       |       |       |       |       |     1 ||     1
  Use: Scroll            |     1 |     7 |     8 |     7 |    20 |       |     1 |     4 |     9 ||    57
       Potion            |     1 |     3 |     1 |       |       |     2 |     1 |     4 |    27 ||    39
 Stab: Confused          |       |       |       |       |       |     2 |       |       |       ||     2
       Distracted        |       |       |       |       |       |     1 |       |    20 |    10 ||    31
Armor: Scale mail        |    62 |    79 |    45 |       |       |       |       |       |       ||   186
       Chain mail        |       |       |    49 |    21 |       |       |       |       |       ||    70
       Plate armour      |       |       |       |   108 |   303 |   312 |       |       |       ||   723
       Crystal plate arm |       |       |       |       |       |    37 |   380 |   331 |   537 ||  1285
Dodge: Dodged            |    60 |    66 |    65 |   123 |   149 |   170 |   170 |   202 |   280 ||  1285
Block: Buckler           |    41 |    20 |    29 |    81 |   228 |       |       |       |       ||   399
       Reflection        |       |       |       |       |    26 |   108 |    91 |    21 |    56 ||   302
       Tower shield      |       |       |       |       |    73 |  1123 |   942 |   747 |  1042 ||  3927

Table legend:
 A = Non-vault XP
 B = Vault XP
 C = Vault XP percentage of total XP
 D = Non-vault monster count
 E = Vault monster count
 F = Vault count percentage of total count
                 A         B        C        D         E       F
            +---------+---------+-------+---------+---------+-------
      Total |  743391 |  737126 |  49.8 |    1440 |    1027 |  41.6
            +---------+---------+-------+---------+---------+-------
        D:1 |      53 |       0 |   0.0 |      30 |       0 |   0.0
        D:2 |      99 |      69 |  41.1 |      13 |      12 |  48.0
        D:3 |      40 |       3 |   7.0 |      20 |       2 |   9.1
        D:4 |     234 |     483 |  67.4 |      17 |       7 |  29.2
        D:5 |     413 |     649 |  61.1 |       6 |       8 |  57.1
        D:6 |    1090 |     169 |  13.4 |      14 |       1 |   6.7
        D:7 |    1292 |    1201 |  48.2 |      28 |      34 |  54.8
        D:8 |    1649 |     931 |  36.1 |      30 |       5 |  14.3
        D:9 |    2831 |       0 |   0.0 |      13 |       0 |   0.0
       D:10 |    4854 |    1276 |  20.8 |      31 |      37 |  54.4
       D:11 |    4558 |      35 |   0.8 |      27 |       1 |   3.6
       D:12 |    3597 |       0 |   0.0 |      10 |       0 |   0.0
       D:13 |    5399 |     381 |   6.6 |      14 |       1 |   6.7
       D:14 |    9579 |   16777 |  63.7 |      21 |      37 |  63.8
       D:15 |   11447 |    4740 |  29.3 |      24 |       6 |  20.0
     Lair:1 |    6476 |       0 |   0.0 |      32 |       0 |   0.0
     Lair:2 |    6873 |    2697 |  28.2 |      25 |       8 |  24.2
     Lair:3 |    7215 |    4594 |  38.9 |      24 |      11 |  31.4
     Lair:4 |     599 |    6453 |  91.5 |       2 |      14 |  87.5
     Lair:5 |   11027 |   20942 |  65.5 |      31 |      38 |  55.1
    Swamp:1 |   13201 |    1264 |   8.7 |      24 |       4 |  14.3
    Swamp:2 |    6700 |    6532 |  49.4 |      16 |      11 |  40.7
    Swamp:3 |    5415 |       0 |   0.0 |      15 |       0 |   0.0
    Swamp:4 |   12631 |   13969 |  52.5 |      26 |      40 |  60.6
    Snake:1 |   13503 |       0 |   0.0 |      27 |       0 |   0.0
    Snake:2 |    6817 |   13286 |  66.1 |      13 |      20 |  60.6
    Snake:3 |   23294 |    6752 |  22.5 |      47 |       6 |  11.3
    Snake:4 |   18475 |   27034 |  59.4 |      38 |      36 |  48.6
      Orc:1 |    8346 |      16 |   0.2 |      62 |       9 |  12.7
      Orc:2 |    2002 |   15772 |  88.7 |      21 |      43 |  67.2
   Vaults:1 |   35676 |   36547 |  50.6 |      51 |      65 |  56.0
   Vaults:2 |   25712 |   28975 |  53.0 |      44 |      46 |  51.1
   Vaults:3 |   22323 |   36567 |  62.1 |      31 |      44 |  58.7
   Vaults:4 |   32381 |   45392 |  58.4 |      50 |      50 |  50.0
   Vaults:5 |   19707 |   77989 |  79.8 |      27 |      60 |  69.0
    Crypt:1 |   35913 |    2940 |   7.6 |      54 |       1 |   1.8
    Crypt:2 |   27290 |   20408 |  42.8 |      37 |      27 |  42.2
    Crypt:3 |   24646 |   37392 |  60.3 |      39 |      46 |  54.1
     Tomb:1 |    9009 |   91993 |  91.1 |      24 |      62 |  72.1
     Tomb:2 |   20865 |   68704 |  76.7 |      41 |      81 |  66.4
     Tomb:3 |   11716 |   47687 |  80.3 |      27 |      60 |  69.0
   Depths:1 |   23083 |    2365 |   9.3 |      34 |       3 |   8.1
   Depths:2 |   42898 |   24595 |  36.4 |      55 |      29 |  34.5
   Depths:3 |   25104 |   14348 |  36.4 |      25 |      20 |  44.4
   Depths:4 |   28192 |   23418 |  45.4 |      25 |      20 |  44.4
      Zot:1 |   28891 |   26990 |  48.3 |      22 |      19 |  46.3
      Zot:2 |   34791 |    1632 |   4.5 |      32 |       1 |   3.0
      Zot:3 |   34370 |       0 |   0.0 |      27 |       0 |   0.0
      Zot:4 |   51062 |    3159 |   5.8 |      45 |       2 |   4.3
    Abyss:3 |   20053 |       0 |   0.0 |      49 |       0 |   0.0
            +---------+---------+-------+---------+---------+-------
